 Dungeon Crawl Stone Soup version 0.29.0-4-gdea44cf6ec (webtiles) character file.

Game seed: 9682382250172061956

47274 qw the Brawler (level 14, -4/38 (140) HPs)
             Began as a Troll Cinder Acolyte on Aug 31, 2022.
             Was an Initiate of Okawaru.
             Killed from afar by an oklob plant (30 damage)
             ... with a splash of acid
             ... on level 4 of the Lair of Beasts.
             The game lasted 00:25:46 (39905 turns).

qw the Brawler (Troll Cinder Acolyte)              Turns: 39905, Time: 00:25:47

HP:   -4/38 (140)   AC: 13    Str: 35    XL:     14   Next: 7%
MP:   18/18         EV:  9    Int: 10    God:    Okawaru [......]
Gold: 887           SH:  5    Dex:  5    Spells: 15/15 levels left

rFire   + . .      SeeInvis .     - Unarmed
rCold   . . .      Faith    .   (no shield)
rNeg    . . .      Spirit   .   d - +3 steam dragon scales
rPois   .          Reflect  +   (helmet restricted)
rElec   .          Harm     .   n - +2 cloak
rCorr   .          Rampage  .   (gloves unavailable)
Will    +....                   (boots unavailable)
Stlth   +.........              g - amulet of reflection
HPRegen 0.92/turn               e - ring of protection from fire
MPRegen 0.16/turn               l - +6 ring of strength

@: extremely drained, bezotted
A: large, unfitting armour, claws 3, regeneration 1, shaggy fur 1, tough skin 1
a: Renounce Religion


You were on level 4 of the Lair of Beasts.
You worshipped Okawaru.
Okawaru was noncommittal.
You visited 3 branches of the dungeon, and saw 15 of its levels.

You collected 887 gold pieces.


Innate Abilities, Weirdness & Mutations

You are too large for most types of armour.
You have claws for hands.
Your natural rate of healing is unusually fast.
You are covered in fur. (AC +1)
You have tough skin. (AC +1)


   Skills:
 - Level 9.0 Fighting
 - Level 5.7 Throwing
 - Level 3.1 Armour
 - Level 2.3 Dodging
 + Level 19.5 Unarmed Combat
 - Level 1.0 Spellcasting
 - Level 2.1 Fire Magic
 - Level 7.1 Invocations


You had 15 spell levels left.
You didn't know any spells.
Your spell library contained the following spells:

 Spells                   Type           Power      Damage    Failure   Level
 Scorch                   Fire           8%         2d5       22%         2

Inventory:

Missiles
 a - 4 boomerangs (quivered)
Armour
 d - +3 steam dragon scales (worn)
 n - a +2 cloak (worn)
Jewellery
 e - a ring of protection from fire (left claw)
 g - an amulet of reflection (around neck)
 l - a +6 ring of strength (right claw)
 m - a ring of protection from cold
 p - a +6 ring of dexterity
 t - a ring of fire
Wands
 o - a wand of digging (6)
Scrolls
 j - 3 scrolls of teleportation
 k - 2 scrolls of identify
 Y - a scroll of brand weapon
Potions
 b - 6 potions of haste
 c - 7 potions of heal wounds
 f - 2 potions of resistance
 h - 2 potions of curing
 q - 2 potions of might

Dungeon Overview and Level Annotations

Branches:
Dungeon (9/15)             Temple (1/1) D:6            Lair (5/5) D:9 Zot: 784
 Shoals (0/4) Lair:2       Spider (0/4) Lair:2        Slime (0/5) Lair:4
    Orc: D:9-12

Altars:
Elyvilon
Gozag
Hepliaklqana
Kikubaaqudgha
Makhleb
Nemelex Xobeh
Okawaru
Qazlal
Sif Muna
Trog
Uskayaw
Vehumet
Wu Jian
Xom
Yredelemnul
Jiyva

Portals:
Hell: Lair:5

Annotations:
D:9 2 transporters
Temple 2 transporters


Message History

The oklob plant spits acid at you. The splash of acid hits you!!
Ouch! That really hurt!
The acid corrodes you!
39844 ||| FLEEEEING.
Really rest while Zot is near?
Really rest while Zot is near?
Really rest while Zot is near?
Really rest while Zot is near?
Really rest while Zot is near?
You are no longer corroded.
Really rest while Zot is near?
Really rest while Zot is near?
Really rest while Zot is near?
Really rest while Zot is near?
Really rest while Zot is near?
Really rest while Zot is near?
Really rest while Zot is near?
The oklob plant spits acid at you. The splash of acid hits you!!
Ouch! That really hurt!
The acid corrodes you!
39876 ||| FLEEEEING.
Really rest while Zot is near?
Really rest while Zot is near?
Really rest while Zot is near?
Really rest while Zot is near?
You are no longer corroded.
Really rest while Zot is near?
Really rest while Zot is near?
Really rest while Zot is near?
Really rest while Zot is near?
Really rest while Zot is near?
Really rest while Zot is near?
The oklob plant spits acid at you. The splash of acid hits you!
The oklob plant spits acid at you. The splash of acid hits you!!
Ouch! That really hurt!
You die...

### #.###
###...#
##.....#
###......##
#.........# #
#.....##..#
##
##....#....#
.#
##....###@..#
#### #....##
#...# .#.##
##..## ....#
....####...#
#...##
.P..##P#..##
.....
###..#...##
#._...#
##..#.##
P.P.###
#....# #.>.P#
##...##


You could see 3 oklob plants.

Vanquished Creatures
  Gastronok (D:9)
  Kirke (Lair:3)
  A dire elephant (Lair:5)
  9 hydras
  A catoblepas (Lair:5)
  2 two-headed ogres (D:9)
  6 death yaks (Lair:5)
  A sun demon (Lair:5)
  A wizard (Lair:5)
  Pikel (D:5)
  An oklob plant (Lair:1)
  7 black mambas (Lair:5)
  Joseph (D:9)
  16 elephants
  3 orange demons (Lair:5)
  13 cane toads
  2 rime drakes
  6 komodo dragons
  A hellwing (Lair:5)
  3 ice devils (Lair:5)
  4 polar bears
  A hornet (D:8)
  A snapping turtle (Lair:2)
  9 dream sheep
  15 blink frogs
  4 culicivoras (Lair:2)
  2 jumping spiders (Lair:2)
  3 basilisks
  A wraith (D:9)
  A human (Lair:3)
  A wyvern (Lair:4)
  20 fire elementals
  15 yaks
  5 hogs
  2 steam dragons
  13 water moccasins
  4 hell hounds (Lair:5)
  8 orc warriors
  An ice beast (D:6)
  6 black bears
  An ogre (D:4)
  3 wolves (Lair:2)
  3 centaurs
  Blork the orc (D:4)
  8 bullfrogs
  2 necrophages
  3 scorpions (D:6)
  10 wights
  3 killer bees (D:8)
  7 howler monkeys
  6 orc priests
  5 hounds
  A gnoll bouda (D:6)
  2 jellies
  An iguana (D:7)
  11 orc wizards
  7 gnolls (D:6)
  10 adders
  2 shadow imps
  A white imp (D:7)
  A worm (D:2)
  A dart slug (D:1)
  45 orcs
  3 endoplasms
  A giant cockroach (D:3)
  8 goblins
  5 hobgoblins
  4 jackals (D:3)
  3 kobolds
  2 quokkas (D:4)
  4 ball pythons
  3 frilled lizards
  5 rats
365 creatures vanquished.

Vanquished Creatures (others)
  An orc wizard (D:9)
  19 fungi
  38 plants
58 creatures vanquished.

Grand Total: 423 creatures vanquished

Notes
Turn   | Place    | Note
-------+----------+-------------------------------------------
     0 | D:1      | qw the Troll Cinder Acolyte began the quest for the Orb.
     0 | D:1      | Reached XP level 1. HP: 22/22 MP: 1/1
     0 | D:1      | 0 ||| qw: Version: 0.1-a-97-g2dd2ca4
     0 | D:1      | 0 ||| qw: Game counter: 4602
     0 | D:1      | 0 ||| qw: Always use a shield: true
     0 | D:1      | 0 ||| qw: God list: Okawaru
     0 | D:1      | 0 ||| qw: Allow faded altars: false
     0 | D:1      | 0 ||| qw: Do Orc after D:15 true
     0 | D:1      | 0 ||| qw: Do second Lair branch before Depths: true
     0 | D:1      | 0 ||| qw: Lair rune preference: random
     0 | D:1      | 0 ||| qw: Plans: Normal
     0 | D:1      | 0 ||| PLANNING D:1-11
   138 | D:1      | 138 ||| Stepping ~*~*~tactically~*~*~ (hiding).
   276 | D:1      | 276 ||| Stepping ~*~*~tactically~*~*~ (stealth).
   277 | D:1      | 277 ||| Stepping ~*~*~tactically~*~*~ (stealth).
   280 | D:1      | Reached XP level 2. HP: 29/29 MP: 2/2
   311 | D:1      | Found a faded altar of an unknown god.
   859 | D:1      | 859 ||| UPGRADING to amulet of reflection.
   864 | D:1      | 864 ||| UPGRADING to ring of protection from fire.
   865 | D:1      | 865 ||| READING scroll labelled URAINTE ITSELENA.
   866 | D:1      | 866 ||| READING scroll labelled UZAYPP ODARUOJ.
   867 | D:1      | 867 ||| READING scroll labelled PALU GUVEA.
   899 | D:2      | Reached skill level 4 in Unarmed Combat
   995 | D:2      | 995 ||| Stepping ~*~*~tactically~*~*~ (stealth).
   996 | D:2      | 996 ||| Stepping ~*~*~tactically~*~*~ (stealth).
  1007 | D:2      | Reached XP level 3. HP: 36/36 MP: 3/3
  1238 | D:2      | Found a hide-covered altar of Uskayaw.
  1343 | D:2      | Identified the +2 ring mail of the Grue {Rampage Dex+2}
  1532 | D:2      | 1532 ||| READING scroll labelled QUJUMOUBUI.
  1536 | D:2      | 1536 ||| READING scroll labelled TYTRUENTY.
  1537 | D:2      | 1537 ||| DRINKING 2 emerald potions.
  1712 | D:3      | Found a bloodstained altar of Trog.
  1712 | D:3      | Found a stormy altar of Qazlal.
  1720 | D:3      | Found an ornate altar of the Wu Jian Council.
  1730 | D:3      | Found a white marble altar of Elyvilon.
  1732 | D:3      | Found an iron altar of Okawaru.
  1795 | D:3      | 1795 ||| Stepping ~*~*~tactically~*~*~ (outnumbered).
  1904 | D:3      | 1904 ||| UPGRADING to +0 cloak.
  1909 | D:3      | 1909 ||| READING scroll of enchant armour.
  1909 | D:3      | 1909 ||| ENCHANTING +0 cloak.
  1910 | D:3      | 1910 ||| UPGRADING to +6 ring of strength.
  1911 | D:3      | 1911 ||| READING scroll labelled RISHRY CIELUO.
  1912 | D:3      | 1912 ||| READING 2 scrolls of identify.
  1912 | D:3      | 1912 ||| IDENTIFYING golden potion
  1943 | D:4      | 1943 ||| PLANNING SEWER
  1952 | D:4      | Reached skill level 5 in Unarmed Combat
  1952 | D:4      | Reached XP level 4. HP: 44/44 MP: 4/4
  2054 | D:4      | Identified the +8 short sword of Etyfil {spect, Str+5}
  2178 | D:4      | 2178 ||| Stepping ~*~*~tactically~*~*~ (stealth).
  2187 | D:4      | 2187 ||| Stepping ~*~*~tactically~*~*~ (stealth).
  2188 | D:4      | 2188 ||| Stepping ~*~*~tactically~*~*~ (stealth).
  2191 | D:4      | 2191 ||| Stepping ~*~*~tactically~*~*~ (hiding).
  2207 | D:4      | Reached XP level 5. HP: 49/50 MP: 5/5
  2210 | D:4      | 2210 ||| Stepping ~*~*~tactically~*~*~ (stealth).
  2397 | D:4      | Reached skill level 6 in Unarmed Combat
  2458 | D:4      | Identified the +1 leather armour of Amorality {rElec Str+2
                  | Slay+3}
  2464 | D:4      | Noticed Blork the orc
  2465 | D:4      | 2465 ||| Stepping ~*~*~tactically~*~*~ (hiding).
  2475 | D:4      | 2475 ||| INVOKING Fiery Armour.
  2476 | D:4      | Killed Blork the orc
  2577 | D:4      | 2577 ||| READING scroll of enchant armour.
  2577 | D:4      | 2577 ||| ENCHANTING +1 cloak.
  2659 | D:4      | 2659 ||| RIP SEWER
  2685 | D:4      | Noticed an ogre
  2686 | D:4      | 2686 ||| PLANNING D:1-11
  2686 | D:4      | 2686 ||| Stepping ~*~*~tactically~*~*~ (stealth).
  2695 | D:4      | Killed an ogre
  2696 | D:4      | Reached skill level 7 in Unarmed Combat
  2696 | D:4      | Reached XP level 6. HP: 38/59 MP: 6/6
  3225 | D:4      | 3225 ||| DRINKING 2 fizzy inky potions.
  3329 | D:4      | 3329 ||| DROPPING potion of berserk rage.
  3342 | D:5      | Entered Level 5 of the Dungeon
  3470 | D:5      | Noticed Pikel
  3477 | D:5      | 3477 ||| Stepping ~*~*~tactically~*~*~ (outnumbered).
  3478 | D:5      | 3478 ||| Stepping ~*~*~tactically~*~*~ (outnumbered).
  3479 | D:5      | 3479 ||| Stepping ~*~*~tactically~*~*~ (outnumbered).
  3480 | D:5      | 3480 ||| Stepping ~*~*~tactically~*~*~ (outnumbered).
  3481 | D:5      | 3481 ||| Stepping ~*~*~tactically~*~*~ (outnumbered).
  3482 | D:5      | 3482 ||| Stepping ~*~*~tactically~*~*~ (outnumbered).
  3483 | D:5      | 3483 ||| Stepping ~*~*~tactically~*~*~ (outnumbered).
  3484 | D:5      | 3484 ||| Stepping ~*~*~tactically~*~*~ (outnumbered).
  3489 | D:5      | Killed Pikel
  3490 | D:5      | Reached skill level 9 in Unarmed Combat
  3490 | D:5      | Reached XP level 7. HP: 48/66 MP: 7/7
  3634 | D:5      | 3634 ||| Stepping ~*~*~tactically~*~*~ (hiding).
  3849 | D:5      | Reached skill level 3 in Fighting
  3957 | D:5      | 3957 ||| Stepping ~*~*~tactically~*~*~ (hiding).
  3966 | D:5      | Reached skill level 1 in Dodging
  3967 | D:5      | 3967 ||| Stepping ~*~*~tactically~*~*~ (outnumbered).
  4012 | D:5      | 4012 ||| DROPPING orb of mayhem.
  4013 | D:5      | 4013 ||| READING 4 scrolls of identify.
  4013 | D:5      | 4013 ||| IDENTIFYING lumpy clear potion
  4014 | D:5      | 4014 ||| READING 3 scrolls of identify.
  4014 | D:5      | 4014 ||| IDENTIFYING inky potion
  4015 | D:5      | 4015 ||| READING 2 scrolls of identify.
  4015 | D:5      | 4015 ||| IDENTIFYING viscous green potion
  4016 | D:5      | 4016 ||| DROPPING potion of lignification.
  4017 | D:5      | 4017 ||| DROPPING potion of flight.
  4018 | D:5      | 4018 ||| DROPPING potion of degeneration.
  4067 | D:6      | Reached XP level 8. HP: 70/70 MP: 8/8
  4157 | D:6      | 4157 ||| Stepping ~*~*~tactically~*~*~ (stealth).
  4160 | D:6      | 4160 ||| Stepping ~*~*~tactically~*~*~ (stealth).
  4193 | D:6      | 4193 ||| Stepping ~*~*~tactically~*~*~ (outnumbered).
  4194 | D:6      | 4194 ||| Stepping ~*~*~tactically~*~*~ (outnumbered).
  4223 | D:6      | Reached skill level 10 in Unarmed Combat
  4224 | D:6      | 4224 ||| Stepping ~*~*~tactically~*~*~ (outnumbered).
  4225 | D:6      | 4225 ||| Stepping ~*~*~tactically~*~*~ (outnumbered).
  4228 | D:6      | 4228 ||| INVOKING Fiery Armour.
  4230 | D:6      | 4230 ||| Stepping ~*~*~tactically~*~*~ (outnumbered).
  4237 | D:6      | 4237 ||| Stepping ~*~*~tactically~*~*~ (hiding).
  4262 | D:6      | 4262 ||| FLEEEEING.
  4263 | D:6      | 4263 ||| FLEEEEING.
  4266 | D:6      | 4266 ||| FLEEEEING.
  4267 | D:6      | 4267 ||| FLEEEEING.
  4268 | D:6      | 4268 ||| FLEEEEING.
  4269 | D:6      | 4269 ||| FLEEEEING.
  4270 | D:6      | 4270 ||| STAIRDANCE
  4356 | D:6      | 4356 ||| DRINKING 5 potions of curing.
  4356 | D:6      | 4356 ||| (to cure confusion)
  4360 | D:6      | Reached skill level 1 in Throwing
  4405 | D:6      | Reached skill level 11 in Unarmed Combat
  4432 | D:6      | You fall into a shaft and drop 1 floor!
  4452 | D:7      | 4452 ||| READING scroll labelled PUFOIXK ORUE.
  4453 | D:7      | 4453 ||| DRINKING 2 metallic pink potions.
  4454 | D:7      | 4454 ||| READING 2 scrolls of identify.
  4454 | D:7      | 4454 ||| IDENTIFYING sedimented silvery potion
  4472 | D:6      | Found a staircase to the Ecumenical Temple.
  4481 | D:6      | Reached XP level 9. HP: 84/84 MP: 9/9
  4789 | D:6      | 4789 ||| Stepping ~*~*~tactically~*~*~ (stealth).
  4791 | D:6      | 4791 ||| Stepping ~*~*~tactically~*~*~ (hiding).
  4796 | D:6      | 4796 ||| Stepping ~*~*~tactically~*~*~ (outnumbered).
  4810 | D:6      | 4810 ||| Stepping ~*~*~tactically~*~*~ (stealth).
  4839 | D:6      | 4839 ||| READING scroll labelled UCVOIPOUTO.
  4840 | D:6      | 4840 ||| READING scroll labelled NELYDY CIBAH.
  4884 | D:7      | 4884 ||| Stepping ~*~*~tactically~*~*~ (hiding).
  4893 | D:7      | Reached skill level 12 in Unarmed Combat
  5014 | D:7      | Identified the +6 scale mail of Yredelemnul's Hatred
                  | {Regen+ rCorr}
  5061 | D:7      | Found an opulent altar of Gozag.
  5064 | D:7      | 5064 ||| Stepping ~*~*~tactically~*~*~ (stealth).
  5071 | D:7      | 5071 ||| Stepping ~*~*~tactically~*~*~ (outnumbered).
  5076 | D:7      | Found a sparkling altar of Nemelex Xobeh.
  5076 | D:7      | Found a shimmering blue altar of Sif Muna.
  5116 | D:7      | 5116 ||| FLEEEEING.
  5125 | D:7      | 5125 ||| Stepping ~*~*~tactically~*~*~ (outnumbered).
  5126 | D:7      | 5126 ||| Stepping ~*~*~tactically~*~*~ (outnumbered).
  5127 | D:7      | 5127 ||| Stepping ~*~*~tactically~*~*~ (outnumbered).
  5128 | D:7      | 5128 ||| Stepping ~*~*~tactically~*~*~ (outnumbered).
  5129 | D:7      | 5129 ||| Stepping ~*~*~tactically~*~*~ (outnumbered).
  5357 | D:7      | Identified the +1 chain mail of Kaiwkum {Contam Will+ SInv}
  5392 | D:7      | 5392 ||| DRINKING 4 potions of curing.
  5392 | D:7      | 5392 ||| (to cure confusion)
  5643 | D:7      | 5643 ||| DRINKING 2 ruby potions.
  5710 | D:8      | 5710 ||| Stepping ~*~*~tactically~*~*~ (hiding).
  5713 | D:8      | 5713 ||| Stepping ~*~*~tactically~*~*~ (stealth).
  5715 | D:8      | 5715 ||| INVOKING Fiery Armour.
  5716 | D:8      | 5716 ||| Stepping ~*~*~tactically~*~*~ (outnumbered).
  5728 | D:8      | Reached skill level 13 in Unarmed Combat
  5737 | D:8      | 5737 ||| Stepping ~*~*~tactically~*~*~ (stealth).
  5744 | D:8      | Reached skill level 1 in Armour
  5883 | D:8      | 5883 ||| Stepping ~*~*~tactically~*~*~ (outnumbered).
  5884 | D:8      | 5884 ||| Stepping ~*~*~tactically~*~*~ (outnumbered).
  5886 | D:8      | 5886 ||| Stepping ~*~*~tactically~*~*~ (outnumbered).
  6113 | D:8      | 6113 ||| Stepping ~*~*~tactically~*~*~ (stealth).
  6121 | D:8      | Reached XP level 10. HP: 96/96 MP: 10/10
  6412 | D:8      | 6412 ||| READING scroll labelled UPHUUN NANEOQ.
  6513 | D:8      | 6513 ||| READING 4 scrolls of identify.
  6513 | D:8      | 6513 ||| IDENTIFYING lumpy yellow potion
  6514 | D:8      | 6514 ||| READING 3 scrolls of identify.
  6514 | D:8      | 6514 ||| IDENTIFYING black potion
  6515 | D:8      | 6515 ||| READING 2 scrolls of identify.
  6515 | D:8      | 6515 ||| IDENTIFYING brown potion
  6516 | D:8      | 6516 ||| DROPPING potion of invisibility.
  6517 | D:8      | 6517 ||| DROPPING potion of magic.
  6554 | D:9      | 6554 ||| Stepping ~*~*~tactically~*~*~ (stealth).
  6590 | D:9      | 6590 ||| Stepping ~*~*~tactically~*~*~ (hiding).
  6601 | D:9      | 6601 ||| DRINKING 3 potions of curing.
  6601 | D:9      | 6601 ||| (to cure confusion)
  6697 | D:9      | 6697 ||| Stepping ~*~*~tactically~*~*~ (hiding).
  6699 | D:9      | 6699 ||| Stepping ~*~*~tactically~*~*~ (hiding).
  6719 | D:9      | Found an ancient bone altar of Kikubaaqudgha.
  6750 | D:9      | Noticed a two-headed ogre
  6761 | D:9      | Killed a two-headed ogre
  6762 | D:9      | Reached skill level 14 in Unarmed Combat
  6763 | D:9      | Noticed a two-headed ogre
  6769 | D:9      | 6769 ||| INVOKING Fiery Armour.
  6774 | D:9      | Killed a two-headed ogre
  6775 | D:9      | Reached skill level 6 in Fighting
  6775 | D:9      | 6775 ||| FLEEEEING.
  6776 | D:9      | 6776 ||| FLEEEEING.
  6777 | D:9      | 6777 ||| FLEEEEING.
  6778 | D:9      | 6778 ||| FLEEEEING.
  6784 | D:9      | 6784 ||| FLEEEEING.
  6785 | D:9      | 6785 ||| FLEEEEING.
  6786 | D:9      | 6786 ||| FLEEEEING.
  6787 | D:9      | 6787 ||| FLEEEEING.
  6788 | D:9      | 6788 ||| FLEEEEING.
  6789 | D:9      | 6789 ||| FLEEEEING.
  6790 | D:9      | 6790 ||| FLEEEEING.
  6797 | D:9      | 6797 ||| FLEEEEING.
  6798 | D:9      | 6798 ||| FLEEEEING.
  6799 | D:9      | 6799 ||| FLEEEEING.
  6800 | D:9      | 6800 ||| FLEEEEING.
  6808 | D:9      | 6808 ||| FLEEEEING.
  6809 | D:9      | 6809 ||| FLEEEEING.
  6810 | D:9      | 6810 ||| FLEEEEING.
  6811 | D:9      | 6811 ||| FLEEEEING.
  6812 | D:9      | 6812 ||| FLEEEEING.
  6813 | D:9      | 6813 ||| STAIRDANCE
  6844 | D:8      | 6844 ||| READING scroll labelled PUEVAUCOME.
  6845 | D:8      | 6845 ||| READING scroll labelled ZUCRUG CYGIAS.
  6846 | D:8      | 6846 ||| READING 2 scrolls of identify.
  6846 | D:8      | 6846 ||| IDENTIFYING grey potion
  6847 | D:8      | 6847 ||| DROPPING potion of attraction.
  6853 | D:9      | Noticed Gastronok
  6854 | D:9      | 6854 ||| Stepping ~*~*~tactically~*~*~ (stealth).
  6856 | D:9      | 6856 ||| FLEEEEING.
  6857 | D:9      | 6857 ||| FLEEEEING.
  6859 | D:9      | 6859 ||| STAIRDANCE
  6973 | D:9      | Killed Gastronok
  6974 | D:9      | Reached skill level 15 in Unarmed Combat
  7020 | D:9      | 7020 ||| Stepping ~*~*~tactically~*~*~ (stealth).
  7054 | D:9      | 7054 ||| Stepping ~*~*~tactically~*~*~ (stealth).
  7093 | D:9      | 7093 ||| Stepping ~*~*~tactically~*~*~ (stealth).
  7095 | D:9      | 7095 ||| Stepping ~*~*~tactically~*~*~ (hiding).
  7104 | D:9      | 7104 ||| FLEEEEING.
  7105 | D:9      | 7105 ||| FLEEEEING.
  7134 | D:9      | Reached XP level 11. HP: 105/105 MP: 11/11
  7134 | D:9      | 7134 ||| Stepping ~*~*~tactically~*~*~ (hiding).
  7152 | D:9      | Found a transporter.
  7169 | D:9      | Noticed a skeletal warrior
  7171 | D:9      | Noticed a centaur warrior
  7345 | D:9      | Found a transporter.
  7407 | D:9      | Found a staircase to the Lair.
  7414 | D:9      | Noticed Joseph
  7415 | D:9      | 7415 ||| Stepping ~*~*~tactically~*~*~ (stealth).
  7425 | D:9      | Killed Joseph
  7426 | D:9      | Reached skill level 3 in Throwing
  7479 | D:9      | 7479 ||| PLANNING LAIR
  7479 | D:9      | 7479 ||| UPGRADING to +0 steam dragon scales.
  7489 | D:9      | 7489 ||| DROPPING +0 robe.
  7490 | D:9      | 7490 ||| READING 3 scrolls of enchant armour.
  7490 | D:9      | 7490 ||| ENCHANTING +0 steam dragon scales.
  7491 | D:9      | 7491 ||| READING 2 scrolls of enchant armour.
  7491 | D:9      | 7491 ||| ENCHANTING +1 steam dragon scales.
  7492 | D:9      | 7492 ||| READING scroll of enchant armour.
  7492 | D:9      | 7492 ||| ENCHANTING +2 steam dragon scales.
  7493 | D:9      | 7493 ||| READING scroll labelled UBRUTW NOUCO.
  7540 | Lair:1   | Entered Level 1 of the Lair of Beasts
  7659 | Lair:1   | 7659 ||| Stepping ~*~*~tactically~*~*~ (outnumbered).
  7660 | Lair:1   | 7660 ||| Stepping ~*~*~tactically~*~*~ (outnumbered).
  7661 | Lair:1   | 7661 ||| Stepping ~*~*~tactically~*~*~ (outnumbered).
  7662 | Lair:1   | 7662 ||| Stepping ~*~*~tactically~*~*~ (outnumbered).
  7664 | Lair:1   | 7664 ||| Stepping ~*~*~tactically~*~*~ (outnumbered).
  7834 | Lair:1   | Noticed an oklob plant
  7835 | Lair:1   | 7835 ||| INVOKING Fiery Armour.
  7842 | Lair:1   | Killed an oklob plant
  8217 | Lair:1   | 8217 ||| DRINKING 2 fuming purple potions.
  8218 | Lair:1   | 8218 ||| DROPPING potion of brilliance.
  8246 | Lair:2   | 8246 ||| INVOKING Fiery Armour.
  8346 | Lair:2   | Reached skill level 16 in Unarmed Combat
  8395 | Lair:2   | Found a hole to the Spider Nest.
  8398 | Lair:2   | 8398 ||| Stepping ~*~*~tactically~*~*~ (stealth).
  8410 | Lair:2   | 8410 ||| INVOKING Fiery Armour.
  8508 | Lair:2   | Noticed a six-headed hydra
  8509 | Lair:2   | 8509 ||| Stepping ~*~*~tactically~*~*~ (stealth).
  8510 | Lair:2   | 8510 ||| Stepping ~*~*~tactically~*~*~ (stealth).
  8511 | Lair:2   | 8511 ||| INVOKING Fiery Armour.
  8519 | Lair:2   | Killed an 11-headed hydra
  8799 | Lair:2   | 8799 ||| INVOKING Fiery Armour.
  8897 | Lair:2   | 8897 ||| Stepping ~*~*~tactically~*~*~ (stealth).
  8898 | Lair:2   | Noticed a five-headed hydra
  8899 | Lair:2   | 8899 ||| INVOKING Fiery Armour.
  8911 | Lair:2   | 8911 ||| Stepping ~*~*~tactically~*~*~ (outnumbered).
  8916 | Lair:2   | Killed an eight-headed hydra
  8924 | Lair:2   | Reached XP level 12. HP: 55/118 MP: 12/12
  9006 | Lair:2   | 9006 ||| Stepping ~*~*~tactically~*~*~ (stealth).
  9141 | Lair:2   | Found a staircase to the Shoals.
  9147 | Lair:2   | Reached skill level 17 in Unarmed Combat
  9306 | Lair:2   | 9306 ||| DROPPING ring of flight.
  9381 | Lair:3   | Noticed a seven-headed hydra
  9382 | Lair:3   | 9382 ||| Stepping ~*~*~tactically~*~*~ (stealth).
  9385 | Lair:3   | 9385 ||| Stepping ~*~*~tactically~*~*~ (stealth).
  9387 | Lair:3   | 9387 ||| INVOKING Fiery Armour.
  9389 | Lair:3   | Killed an eight-headed hydra
  9391 | Lair:3   | 9391 ||| Stepping ~*~*~tactically~*~*~ (hiding).
  9429 | Lair:3   | 9429 ||| Stepping ~*~*~tactically~*~*~ (stealth).
  9465 | Lair:3   | 9465 ||| Stepping ~*~*~tactically~*~*~ (stealth).
  9467 | Lair:3   | Noticed Kirke
  9473 | Lair:3   | 9473 ||| Stepping ~*~*~tactically~*~*~ (outnumbered).
  9475 | Lair:3   | 9475 ||| Stepping ~*~*~tactically~*~*~ (outnumbered).
  9476 | Lair:3   | 9476 ||| Stepping ~*~*~tactically~*~*~ (outnumbered).
  9480 | Lair:3   | 9480 ||| Stepping ~*~*~tactically~*~*~ (outnumbered).
  9481 | Lair:3   | 9481 ||| Stepping ~*~*~tactically~*~*~ (outnumbered).
  9482 | Lair:3   | 9482 ||| DRINKING potion of cancellation.
  9483 | Lair:3   | 9483 ||| Stepping ~*~*~tactically~*~*~ (outnumbered).
  9486 | Lair:3   | 9486 ||| Stepping ~*~*~tactically~*~*~ (outnumbered).
  9490 | Lair:3   | 9490 ||| Stepping ~*~*~tactically~*~*~ (outnumbered).
  9491 | Lair:3   | 9491 ||| Stepping ~*~*~tactically~*~*~ (outnumbered).
  9492 | Lair:3   | 9492 ||| STAIRDANCE
  9507 | Lair:3   | 9507 ||| Stepping ~*~*~tactically~*~*~ (outnumbered).
  9512 | Lair:3   | Killed Kirke
  9546 | Lair:3   | Noticed a six-headed hydra
  9547 | Lair:3   | 9547 ||| INVOKING Fiery Armour.
  9554 | Lair:3   | Killed an eight-headed hydra
  9649 | Lair:3   | 9649 ||| Stepping ~*~*~tactically~*~*~ (stealth).
  9650 | Lair:3   | Noticed a five-headed hydra
  9652 | Lair:3   | 9652 ||| INVOKING Fiery Armour.
  9656 | Lair:3   | 9656 ||| Stepping ~*~*~tactically~*~*~ (outnumbered).
  9658 | Lair:3   | 9658 ||| Stepping ~*~*~tactically~*~*~ (outnumbered).
  9662 | Lair:3   | 9662 ||| Stepping ~*~*~tactically~*~*~ (outnumbered).
  9663 | Lair:3   | 9663 ||| PLANNING CONVERSION TO OKAWARU
  9664 | Lair:3   | Killed an eight-headed hydra
  9901 | D:3      | Fell from the grace of Ignis
  9901 | D:3      | Became a worshipper of Warmaster Okawaru
  9902 | D:3      | 9902 ||| PLANNING LAIR
 10572 | Lair:4   | 10572 ||| STAIRDANCE
 10578 | Lair:4   | Reached skill level 18 in Unarmed Combat
 10579 | Lair:4   | Noticed a six-headed hydra
 10584 | Lair:4   | 10584 ||| Stepping ~*~*~tactically~*~*~ (outnumbered).
 10585 | Lair:4   | 10585 ||| Stepping ~*~*~tactically~*~*~ (outnumbered).
 10594 | Lair:4   | Killed an 11-headed hydra
 10594 | Lair:4   | Reached * piety under Okawaru
 10595 | Lair:4   | 10595 ||| INVOKING Heroism.
 10601 | Lair:4   | Reached skill level 1 in Invocations
 10659 | Lair:4   | Noticed a six-headed hydra
 10660 | Lair:4   | 10660 ||| INVOKING Heroism.
 10665 | Lair:4   | 10665 ||| Stepping ~*~*~tactically~*~*~ (stealth).
 10666 | Lair:4   | Killed a seven-headed hydra
 10667 | Lair:4   | Reached skill level 3 in Armour
 10674 | Lair:4   | Reached ** piety under Okawaru
 10803 | Lair:4   | 10803 ||| INVOKING Heroism.
 10960 | Lair:4   | Reached skill level 3 in Invocations
 10960 | Lair:4   | 10960 ||| Stepping ~*~*~tactically~*~*~ (outnumbered).
 10967 | Lair:4   | Reached XP level 13. HP: 123/127 MP: 14/14
 11035 | Lair:4   | Found a viscous altar of Jiyva.
 11036 | Lair:4   | 11036 ||| INVOKING Heroism.
 11037 | Lair:4   | 11037 ||| Stepping ~*~*~tactically~*~*~ (outnumbered).
 11054 | Lair:4   | Found a staircase to the Slime Pits.
 11055 | Lair:4   | 11055 ||| FLEEEEING.
 11124 | Lair:4   | 11124 ||| Stepping ~*~*~tactically~*~*~ (stealth).
 11129 | Lair:4   | 11129 ||| Stepping ~*~*~tactically~*~*~ (stealth).
 11132 | Lair:4   | 11132 ||| INVOKING Heroism.
 11163 | Lair:4   | 11163 ||| INVOKING Heroism.
 11261 | Lair:4   | 11261 ||| INVOKING Heroism.
 11264 | Lair:4   | Reached *** piety under Okawaru
 11386 | Lair:4   | 11386 ||| INVOKING Heroism.
 11391 | Lair:4   | You fall into a shaft and drop 1 floor!
 11391 | Lair:5   | Entered Level 5 of the Lair of Beasts
 11398 | Lair:5   | 11398 ||| Stepping ~*~*~tactically~*~*~ (outnumbered).
 11399 | Lair:5   | 11399 ||| Stepping ~*~*~tactically~*~*~ (outnumbered).
 11400 | Lair:5   | 11400 ||| Stepping ~*~*~tactically~*~*~ (outnumbered).
 11401 | Lair:5   | 11401 ||| Stepping ~*~*~tactically~*~*~ (outnumbered).
 11403 | Lair:5   | 11403 ||| Stepping ~*~*~tactically~*~*~ (outnumbered).
 11405 | Lair:5   | 11405 ||| Stepping ~*~*~tactically~*~*~ (outnumbered).
 11406 | Lair:5   | 11406 ||| Stepping ~*~*~tactically~*~*~ (outnumbered).
 11408 | Lair:5   | 11408 ||| Stepping ~*~*~tactically~*~*~ (outnumbered).
 11410 | Lair:5   | 11410 ||| INVOKING Heroism.
 11412 | Lair:5   | 11412 ||| Stepping ~*~*~tactically~*~*~ (outnumbered).
 11413 | Lair:5   | HP: 23/127 [dream sheep (13)]
 11414 | Lair:5   | 11414 ||| READING 4 scrolls of teleportation.
 11415 | Lair:5   | 11415 ||| DRINKING 9 potions of heal wounds.
 11416 | Lair:5   | 11416 ||| Stepping ~*~*~tactically~*~*~ (outnumbered).
 11417 | Lair:5   | 11417 ||| Stepping ~*~*~tactically~*~*~ (outnumbered).
 11418 | Lair:5   | 11418 ||| DRINKING 8 potions of heal wounds.
 11427 | Lair:5   | 11427 ||| Stepping ~*~*~tactically~*~*~ (outnumbered).
 11435 | Lair:5   | 11435 ||| Stepping ~*~*~tactically~*~*~ (outnumbered).
 11437 | Lair:5   | 11437 ||| INVOKING Heroism.
 11515 | Lair:5   | 11515 ||| INVOKING Heroism.
 11520 | Lair:5   | Received a gift from Okawaru
 11521 | Lair:5   | Reached skill level 19 in Unarmed Combat
 11534 | Lair:5   | 11534 ||| READING 2 scrolls labelled OZXE LAGOLEU.
 11535 | Lair:5   | 11535 ||| READING 3 scrolls of identify.
 11535 | Lair:5   | 11535 ||| IDENTIFYING clear potion
 11536 | Lair:5   | 11536 ||| DROPPING potion of ambrosia.
 11597 | Lair:5   | 11597 ||| Stepping ~*~*~tactically~*~*~ (stealth).
 11604 | Lair:5   | 11604 ||| Stepping ~*~*~tactically~*~*~ (stealth).
 11605 | Lair:5   | 11605 ||| Stepping ~*~*~tactically~*~*~ (stealth).
 11686 | Lair:5   | 11686 ||| INVOKING Heroism.
 11696 | Lair:5   | Reached **** piety under Okawaru
 11784 | Lair:5   | 11784 ||| Stepping ~*~*~tactically~*~*~ (stealth).
 11785 | Lair:5   | 11785 ||| INVOKING Heroism.
 11879 | Lair:5   | 11879 ||| INVOKING Heroism.
 11881 | Lair:5   | 11881 ||| Stepping ~*~*~tactically~*~*~ (stealth).
 11913 | Lair:5   | 11913 ||| INVOKING Heroism.
 11914 | Lair:5   | 11914 ||| Stepping ~*~*~tactically~*~*~ (hiding).
 11944 | Lair:5   | 11944 ||| Stepping ~*~*~tactically~*~*~ (outnumbered).
 11947 | Lair:5   | 11947 ||| Stepping ~*~*~tactically~*~*~ (outnumbered).
 11991 | Lair:5   | 11991 ||| Stepping ~*~*~tactically~*~*~ (hiding).
 12006 | Lair:5   | Found a burning altar of Makhleb.
 12007 | Lair:5   | 12007 ||| Stepping ~*~*~tactically~*~*~ (hiding).
 12010 | Lair:5   | 12010 ||| Stepping ~*~*~tactically~*~*~ (hiding).
 12015 | Lair:5   | 12015 ||| INVOKING Heroism.
 12016 | Lair:5   | 12016 ||| Stepping ~*~*~tactically~*~*~ (outnumbered).
 12027 | Lair:5   | 12027 ||| Stepping ~*~*~tactically~*~*~ (outnumbered).
 12029 | Lair:5   | Reached skill level 9 in Fighting
 12030 | Lair:5   | 12030 ||| Stepping ~*~*~tactically~*~*~ (outnumbered).
 12032 | Lair:5   | 12032 ||| Stepping ~*~*~tactically~*~*~ (outnumbered).
 12035 | Lair:5   | 12035 ||| Stepping ~*~*~tactically~*~*~ (outnumbered).
 12038 | Lair:5   | 12038 ||| Stepping ~*~*~tactically~*~*~ (outnumbered).
 12040 | Lair:5   | Reached ***** piety under Okawaru
 12041 | Lair:5   | 12041 ||| INVOKING Finesse.
 12125 | Lair:5   | Found a gateway to Hell.
 12271 | Lair:5   | Noticed a dire elephant
 12272 | Lair:5   | 12272 ||| INVOKING Heroism.
 12276 | Lair:5   | Killed a dire elephant
 12277 | Lair:5   | Reached skill level 6 in Invocations
 12331 | Lair:5   | 12331 ||| INVOKING Heroism.
 12332 | Lair:5   | 12332 ||| INVOKING Finesse.
 12333 | Lair:5   | 12333 ||| INVOKING Finesse.
 12337 | Lair:5   | 12337 ||| Stepping ~*~*~tactically~*~*~ (outnumbered).
 12338 | Lair:5   | 12338 ||| Stepping ~*~*~tactically~*~*~ (outnumbered).
 12339 | Lair:5   | 12339 ||| Stepping ~*~*~tactically~*~*~ (outnumbered).
 12364 | Lair:5   | 12364 ||| INVOKING Heroism.
 12370 | Lair:5   | Received a gift from Okawaru
 12371 | Lair:5   | Reached XP level 14. HP: 101/140 MP: 10/18
 12431 | Lair:5   | 12431 ||| DRINKING 4 potions of curing.
 12431 | Lair:5   | 12431 ||| (to cure confusion)
 12436 | Lair:5   | 12436 ||| INVOKING Heroism.
 12485 | Lair:5   | 12485 ||| INVOKING Heroism.
 12743 | Lair:4   | 12743 ||| INVOKING Heroism.
 12744 | Lair:4   | Received a gift from Okawaru
 13024 | Lair:4   | 13024 ||| INVOKING Heroism.
 13025 | Lair:4   | 13025 ||| INVOKING Finesse.
 13026 | Lair:4   | 13026 ||| Stepping ~*~*~tactically~*~*~ (outnumbered).
 13069 | Lair:4   | 13069 ||| INVOKING Heroism.
 13070 | Lair:4   | 13070 ||| INVOKING Finesse.
 13071 | Lair:4   | 13071 ||| Stepping ~*~*~tactically~*~*~ (outnumbered).
 13118 | Lair:4   | 13118 ||| FLEEEEING.
 13238 | Lair:4   | 13238 ||| FLEEEEING.
 13289 | Lair:4   | 13289 ||| INVOKING Heroism.
 13290 | Lair:4   | 13290 ||| INVOKING Finesse.
 13291 | Lair:4   | 13291 ||| Stepping ~*~*~tactically~*~*~ (outnumbered).
 13334 | Lair:4   | 13334 ||| INVOKING Heroism.
 13335 | Lair:4   | 13335 ||| INVOKING Finesse.
 13336 | Lair:4   | 13336 ||| Stepping ~*~*~tactically~*~*~ (outnumbered).
 13379 | Lair:4   | 13379 ||| INVOKING Heroism.
 13380 | Lair:4   | 13380 ||| Stepping ~*~*~tactically~*~*~ (outnumbered).
 13394 | Lair:4   | 13394 ||| Stepping ~*~*~tactically~*~*~ (outnumbered).
 13414 | Lair:4   | 13414 ||| FLEEEEING.
 13535 | Lair:4   | 13535 ||| INVOKING Heroism.
 13536 | Lair:4   | 13536 ||| Stepping ~*~*~tactically~*~*~ (outnumbered).
 13549 | Lair:4   | 13549 ||| Stepping ~*~*~tactically~*~*~ (outnumbered).
 13594 | Lair:4   | 13594 ||| FLEEEEING.
 13615 | Lair:4   | Was forgiven by Ignis
 13616 | Lair:4   | 13616 ||| DRINKING 3 potions of curing.
 13616 | Lair:4   | 13616 ||| (to cure confusion)
 13641 | Lair:4   | 13641 ||| FLEEEEING.
 13674 | Lair:4   | 13674 ||| INVOKING Heroism.
 13675 | Lair:4   | 13675 ||| Stepping ~*~*~tactically~*~*~ (outnumbered).
 13687 | Lair:4   | 13687 ||| Stepping ~*~*~tactically~*~*~ (outnumbered).
 13689 | Lair:4   | 13689 ||| Stepping ~*~*~tactically~*~*~ (outnumbered).
 13705 | Lair:4   | 13705 ||| FLEEEEING.
 13736 | Lair:4   | 13736 ||| INVOKING Heroism.
 13737 | Lair:4   | 13737 ||| Stepping ~*~*~tactically~*~*~ (outnumbered).
 13850 | Lair:4   | 13850 ||| INVOKING Heroism.
 13851 | Lair:4   | 13851 ||| Stepping ~*~*~tactically~*~*~ (outnumbered).
 13881 | Lair:4   | 13881 ||| Stepping ~*~*~tactically~*~*~ (outnumbered).
 13883 | Lair:4   | 13883 ||| Stepping ~*~*~tactically~*~*~ (outnumbered).
 13885 | Lair:4   | 13885 ||| Stepping ~*~*~tactically~*~*~ (outnumbered).
 13887 | Lair:4   | 13887 ||| FLEEEEING.
 13905 | Lair:4   | 13905 ||| FLEEEEING.
 13922 | Lair:4   | 13922 ||| INVOKING Heroism.
 13923 | Lair:4   | 13923 ||| Stepping ~*~*~tactically~*~*~ (outnumbered).
 13937 | Lair:4   | 13937 ||| Stepping ~*~*~tactically~*~*~ (outnumbered).
 13939 | Lair:4   | 13939 ||| Stepping ~*~*~tactically~*~*~ (outnumbered).
 13941 | Lair:4   | 13941 ||| Stepping ~*~*~tactically~*~*~ (outnumbered).
 13965 | Lair:4   | 13965 ||| INVOKING Heroism.
 13966 | Lair:4   | 13966 ||| Stepping ~*~*~tactically~*~*~ (outnumbered).
 13978 | Lair:4   | 13978 ||| Stepping ~*~*~tactically~*~*~ (outnumbered).
 13988 | Lair:4   | 13988 ||| Stepping ~*~*~tactically~*~*~ (outnumbered).
 13990 | Lair:4   | 13990 ||| Stepping ~*~*~tactically~*~*~ (outnumbered).
 14013 | Lair:4   | 14013 ||| FLEEEEING.
 14044 | Lair:4   | 14044 ||| FLEEEEING.
 14073 | Lair:4   | 14073 ||| INVOKING Heroism.
 14074 | Lair:4   | 14074 ||| Stepping ~*~*~tactically~*~*~ (outnumbered).
 14103 | Lair:4   | 14103 ||| Stepping ~*~*~tactically~*~*~ (outnumbered).
 14126 | Lair:4   | 14126 ||| FLEEEEING.
 14159 | Lair:4   | 14159 ||| INVOKING Heroism.
 14160 | Lair:4   | 14160 ||| Stepping ~*~*~tactically~*~*~ (outnumbered).
 14274 | Lair:4   | 14274 ||| INVOKING Heroism.
 14275 | Lair:4   | 14275 ||| Stepping ~*~*~tactically~*~*~ (outnumbered).
 14288 | Lair:4   | 14288 ||| Stepping ~*~*~tactically~*~*~ (outnumbered).
 14398 | Lair:4   | 14398 ||| FLEEEEING.
 14418 | Lair:4   | 14418 ||| INVOKING Heroism.
 14419 | Lair:4   | 14419 ||| Stepping ~*~*~tactically~*~*~ (outnumbered).
 14462 | Lair:4   | 14462 ||| FLEEEEING.
 14485 | Lair:4   | 14485 ||| FLEEEEING.
 14607 | Lair:4   | 14607 ||| INVOKING Heroism.
 14608 | Lair:4   | 14608 ||| Stepping ~*~*~tactically~*~*~ (outnumbered).
 14629 | Lair:4   | 14629 ||| Stepping ~*~*~tactically~*~*~ (outnumbered).
 14732 | Lair:4   | 14732 ||| FLEEEEING.
 14769 | Lair:4   | 14769 ||| INVOKING Heroism.
 14770 | Lair:4   | 14770 ||| Stepping ~*~*~tactically~*~*~ (outnumbered).
 14795 | Lair:4   | 14795 ||| Stepping ~*~*~tactically~*~*~ (outnumbered).
 14797 | Lair:4   | 14797 ||| Stepping ~*~*~tactically~*~*~ (outnumbered).
 14807 | Lair:4   | 14807 ||| Stepping ~*~*~tactically~*~*~ (outnumbered).
 14826 | Lair:4   | 14826 ||| INVOKING Heroism.
 14827 | Lair:4   | 14827 ||| Stepping ~*~*~tactically~*~*~ (outnumbered).
 14943 | Lair:4   | 14943 ||| INVOKING Heroism.
 14944 | Lair:4   | 14944 ||| Stepping ~*~*~tactically~*~*~ (outnumbered).
 14963 | Lair:4   | 14963 ||| Stepping ~*~*~tactically~*~*~ (outnumbered).
 14979 | Lair:4   | 14979 ||| INVOKING Heroism.
 14980 | Lair:4   | 14980 ||| Stepping ~*~*~tactically~*~*~ (outnumbered).
 15005 | Lair:4   | 15005 ||| INVOKING Heroism.
 15006 | Lair:4   | 15006 ||| Stepping ~*~*~tactically~*~*~ (outnumbered).
 15028 | Lair:4   | 15028 ||| Stepping ~*~*~tactically~*~*~ (outnumbered).
 15030 | Lair:4   | 15030 ||| Stepping ~*~*~tactically~*~*~ (outnumbered).
 15032 | Lair:4   | 15032 ||| Stepping ~*~*~tactically~*~*~ (outnumbered).
 15045 | Lair:4   | 15045 ||| Stepping ~*~*~tactically~*~*~ (outnumbered).
 15072 | Lair:4   | 15072 ||| FLEEEEING.
 15091 | Lair:4   | 15091 ||| FLEEEEING.
 15211 | Lair:4   | 15211 ||| FLEEEEING.
 15227 | Lair:4   | 15227 ||| FLEEEEING.
 15266 | Lair:4   | 15266 ||| FLEEEEING.
 15389 | Lair:4   | 15389 ||| FLEEEEING.
 15415 | Lair:4   | 15415 ||| FLEEEEING.
 15456 | Lair:4   | 15456 ||| INVOKING Heroism.
 15457 | Lair:4   | 15457 ||| Stepping ~*~*~tactically~*~*~ (outnumbered).
 15470 | Lair:4   | 15470 ||| Stepping ~*~*~tactically~*~*~ (outnumbered).
 15575 | Lair:4   | 15575 ||| INVOKING Heroism.
 15576 | Lair:4   | 15576 ||| Stepping ~*~*~tactically~*~*~ (outnumbered).
 15603 | Lair:4   | 15603 ||| Stepping ~*~*~tactically~*~*~ (outnumbered).
 15711 | Lair:4   | 15711 ||| FLEEEEING.
 15856 | Lair:4   | 15856 ||| FLEEEEING.
 15889 | Lair:4   | 15889 ||| FLEEEEING.
 15932 | Lair:4   | 15932 ||| INVOKING Heroism.
 15933 | Lair:4   | 15933 ||| Stepping ~*~*~tactically~*~*~ (outnumbered).
 15957 | Lair:4   | 15957 ||| Stepping ~*~*~tactically~*~*~ (outnumbered).
 15959 | Lair:4   | 15959 ||| Stepping ~*~*~tactically~*~*~ (outnumbered).
 15961 | Lair:4   | 15961 ||| Stepping ~*~*~tactically~*~*~ (outnumbered).
 15963 | Lair:4   | 15963 ||| Stepping ~*~*~tactically~*~*~ (outnumbered).
 15965 | Lair:4   | 15965 ||| Stepping ~*~*~tactically~*~*~ (outnumbered).
 15967 | Lair:4   | 15967 ||| Stepping ~*~*~tactically~*~*~ (outnumbered).
 15978 | Lair:4   | 15978 ||| FLEEEEING.
 16005 | Lair:4   | 16005 ||| FLEEEEING.
 16031 | Lair:4   | 16031 ||| INVOKING Heroism.
 16032 | Lair:4   | 16032 ||| Stepping ~*~*~tactically~*~*~ (outnumbered).
 16051 | Lair:4   | 16051 ||| Stepping ~*~*~tactically~*~*~ (outnumbered).
 16053 | Lair:4   | 16053 ||| Stepping ~*~*~tactically~*~*~ (outnumbered).
 16055 | Lair:4   | 16055 ||| Stepping ~*~*~tactically~*~*~ (outnumbered).
 16057 | Lair:4   | 16057 ||| Stepping ~*~*~tactically~*~*~ (outnumbered).
 16059 | Lair:4   | 16059 ||| FLEEEEING.
 16182 | Lair:4   | 16182 ||| FLEEEEING.
 16209 | Lair:4   | 16209 ||| INVOKING Heroism.
 16210 | Lair:4   | 16210 ||| Stepping ~*~*~tactically~*~*~ (outnumbered).
 16223 | Lair:4   | 16223 ||| Stepping ~*~*~tactically~*~*~ (outnumbered).
 16225 | Lair:4   | 16225 ||| Stepping ~*~*~tactically~*~*~ (outnumbered).
 16334 | Lair:4   | 16334 ||| INVOKING Heroism.
 16335 | Lair:4   | 16335 ||| Stepping ~*~*~tactically~*~*~ (outnumbered).
 16381 | Lair:4   | 16381 ||| Stepping ~*~*~tactically~*~*~ (outnumbered).
 16383 | Lair:4   | 16383 ||| FLEEEEING.
 16427 | Lair:4   | 16427 ||| FLEEEEING.
 16464 | Lair:4   | 16464 ||| INVOKING Heroism.
 16465 | Lair:4   | 16465 ||| Stepping ~*~*~tactically~*~*~ (outnumbered).
 16482 | Lair:4   | 16482 ||| Stepping ~*~*~tactically~*~*~ (outnumbered).
 16519 | Lair:4   | 16519 ||| FLEEEEING.
 16552 | Lair:4   | 16552 ||| FLEEEEING.
 16672 | Lair:4   | 16672 ||| INVOKING Heroism.
 16673 | Lair:4   | 16673 ||| Stepping ~*~*~tactically~*~*~ (outnumbered).
 16685 | Lair:4   | 16685 ||| Stepping ~*~*~tactically~*~*~ (outnumbered).
 16687 | Lair:4   | 16687 ||| Stepping ~*~*~tactically~*~*~ (outnumbered).
 16705 | Lair:4   | 16705 ||| FLEEEEING.
 16750 | Lair:4   | 16750 ||| INVOKING Heroism.
 16751 | Lair:4   | 16751 ||| Stepping ~*~*~tactically~*~*~ (outnumbered).
 16764 | Lair:4   | 16764 ||| Stepping ~*~*~tactically~*~*~ (outnumbered).
 16867 | Lair:4   | 16867 ||| INVOKING Heroism.
 16868 | Lair:4   | 16868 ||| Stepping ~*~*~tactically~*~*~ (outnumbered).
 16891 | Lair:4   | 16891 ||| Stepping ~*~*~tactically~*~*~ (outnumbered).
 16919 | Lair:4   | 16919 ||| FLEEEEING.
 16933 | Lair:4   | 16933 ||| INVOKING Heroism.
 16934 | Lair:4   | 16934 ||| Stepping ~*~*~tactically~*~*~ (outnumbered).
 17047 | Lair:4   | 17047 ||| FLEEEEING.
 17103 | Lair:4   | 17103 ||| INVOKING Heroism.
 17104 | Lair:4   | 17104 ||| Stepping ~*~*~tactically~*~*~ (outnumbered).
 17216 | Lair:4   | 17216 ||| FLEEEEING.
 17251 | Lair:4   | 17251 ||| INVOKING Heroism.
 17252 | Lair:4   | 17252 ||| Stepping ~*~*~tactically~*~*~ (outnumbered).
 17265 | Lair:4   | 17265 ||| Stepping ~*~*~tactically~*~*~ (outnumbered).
 17282 | Lair:4   | 17282 ||| FLEEEEING.
 17333 | Lair:4   | 17333 ||| INVOKING Heroism.
 17334 | Lair:4   | 17334 ||| Stepping ~*~*~tactically~*~*~ (outnumbered).
 17346 | Lair:4   | 17346 ||| Stepping ~*~*~tactically~*~*~ (outnumbered).
 17388 | Lair:4   | 17388 ||| INVOKING Heroism.
 17389 | Lair:4   | 17389 ||| Stepping ~*~*~tactically~*~*~ (outnumbered).
 17420 | Lair:4   | 17420 ||| Stepping ~*~*~tactically~*~*~ (outnumbered).
 17534 | Lair:4   | 17534 ||| FLEEEEING.
 17579 | Lair:4   | 17579 ||| INVOKING Heroism.
 17580 | Lair:4   | 17580 ||| Stepping ~*~*~tactically~*~*~ (outnumbered).
 17696 | Lair:4   | 17696 ||| FLEEEEING.
 17740 | Lair:4   | 17740 ||| FLEEEEING.
 17770 | Lair:4   | 17770 ||| FLEEEEING.
 17890 | Lair:4   | 17890 ||| FLEEEEING.
 18012 | Lair:4   | 18012 ||| INVOKING Heroism.
 18013 | Lair:4   | 18013 ||| Stepping ~*~*~tactically~*~*~ (outnumbered).
 18026 | Lair:4   | 18026 ||| Stepping ~*~*~tactically~*~*~ (outnumbered).
 18055 | Lair:4   | 18055 ||| INVOKING Heroism.
 18056 | Lair:4   | 18056 ||| Stepping ~*~*~tactically~*~*~ (outnumbered).
 18083 | Lair:4   | 18083 ||| FLEEEEING.
 18102 | Lair:4   | 18102 ||| INVOKING Heroism.
 18103 | Lair:4   | 18103 ||| Stepping ~*~*~tactically~*~*~ (outnumbered).
 18116 | Lair:4   | 18116 ||| Stepping ~*~*~tactically~*~*~ (outnumbered).
 18129 | Lair:4   | 18129 ||| Stepping ~*~*~tactically~*~*~ (outnumbered).
 18148 | Lair:4   | 18148 ||| INVOKING Heroism.
 18149 | Lair:4   | 18149 ||| Stepping ~*~*~tactically~*~*~ (outnumbered).
 18161 | Lair:4   | 18161 ||| Stepping ~*~*~tactically~*~*~ (outnumbered).
 18163 | Lair:4   | 18163 ||| Stepping ~*~*~tactically~*~*~ (outnumbered).
 18177 | Lair:4   | 18177 ||| Stepping ~*~*~tactically~*~*~ (outnumbered).
 18202 | Lair:4   | 18202 ||| FLEEEEING.
 18322 | Lair:4   | 18322 ||| INVOKING Heroism.
 18323 | Lair:4   | 18323 ||| Stepping ~*~*~tactically~*~*~ (outnumbered).
 18336 | Lair:4   | 18336 ||| Stepping ~*~*~tactically~*~*~ (outnumbered).
 18359 | Lair:4   | 18359 ||| FLEEEEING.
 18479 | Lair:4   | 18479 ||| INVOKING Heroism.
 18480 | Lair:4   | 18480 ||| Stepping ~*~*~tactically~*~*~ (outnumbered).
 18492 | Lair:4   | 18492 ||| Stepping ~*~*~tactically~*~*~ (outnumbered).
 18494 | Lair:4   | 18494 ||| Stepping ~*~*~tactically~*~*~ (outnumbered).
 18515 | Lair:4   | 18515 ||| Stepping ~*~*~tactically~*~*~ (outnumbered).
 18517 | Lair:4   | 18517 ||| Stepping ~*~*~tactically~*~*~ (outnumbered).
 18525 | Lair:4   | 18525 ||| Stepping ~*~*~tactically~*~*~ (outnumbered).
 18527 | Lair:4   | 18527 ||| Stepping ~*~*~tactically~*~*~ (outnumbered).
 18639 | Lair:4   | 18639 ||| FLEEEEING.
 18672 | Lair:4   | 18672 ||| FLEEEEING.
 18688 | Lair:4   | 18688 ||| FLEEEEING.
 18808 | Lair:4   | 18808 ||| INVOKING Heroism.
 18809 | Lair:4   | 18809 ||| Stepping ~*~*~tactically~*~*~ (outnumbered).
 18822 | Lair:4   | 18822 ||| Stepping ~*~*~tactically~*~*~ (outnumbered).
 18834 | Lair:4   | 18834 ||| Stepping ~*~*~tactically~*~*~ (outnumbered).
 18836 | Lair:4   | 18836 ||| Stepping ~*~*~tactically~*~*~ (outnumbered).
 18948 | Lair:4   | 18948 ||| FLEEEEING.
 18978 | Lair:4   | 18978 ||| INVOKING Heroism.
 18979 | Lair:4   | 18979 ||| Stepping ~*~*~tactically~*~*~ (outnumbered).
 18991 | Lair:4   | 18991 ||| Stepping ~*~*~tactically~*~*~ (outnumbered).
 18993 | Lair:4   | 18993 ||| Stepping ~*~*~tactically~*~*~ (outnumbered).
 18995 | Lair:4   | 18995 ||| Stepping ~*~*~tactically~*~*~ (outnumbered).
 18997 | Lair:4   | 18997 ||| Stepping ~*~*~tactically~*~*~ (outnumbered).
 19016 | Lair:4   | 19016 ||| INVOKING Heroism.
 19017 | Lair:4   | 19017 ||| Stepping ~*~*~tactically~*~*~ (outnumbered).
 19030 | Lair:4   | 19030 ||| Stepping ~*~*~tactically~*~*~ (outnumbered).
 19051 | Lair:4   | 19051 ||| Stepping ~*~*~tactically~*~*~ (outnumbered).
 19162 | Lair:4   | 19162 ||| INVOKING Heroism.
 19163 | Lair:4   | 19163 ||| Stepping ~*~*~tactically~*~*~ (outnumbered).
 19184 | Lair:4   | 19184 ||| Stepping ~*~*~tactically~*~*~ (outnumbered).
 19200 | Lair:4   | 19200 ||| FLEEEEING.
 19323 | Lair:4   | 19323 ||| INVOKING Heroism.
 19324 | Lair:4   | 19324 ||| Stepping ~*~*~tactically~*~*~ (outnumbered).
 19365 | Lair:4   | 19365 ||| FLEEEEING.
 19485 | Lair:4   | 19485 ||| INVOKING Heroism.
 19486 | Lair:4   | 19486 ||| Stepping ~*~*~tactically~*~*~ (outnumbered).
 19599 | Lair:4   | 19599 ||| FLEEEEING.
 19719 | Lair:4   | 19719 ||| INVOKING Heroism.
 19720 | Lair:4   | 19720 ||| Stepping ~*~*~tactically~*~*~ (outnumbered).
 19733 | Lair:4   | 19733 ||| Stepping ~*~*~tactically~*~*~ (outnumbered).
 19753 | Lair:4   | 19753 ||| FLEEEEING.
 19789 | Lair:4   | 19789 ||| Stepping ~*~*~tactically~*~*~ (outnumbered).
 19791 | Lair:4   | 19791 ||| FLEEEEING.
 19835 | Lair:4   | 19835 ||| Stepping ~*~*~tactically~*~*~ (outnumbered).
 19837 | Lair:4   | 19837 ||| FLEEEEING.
 19891 | Lair:4   | 19891 ||| FLEEEEING.
 20014 | Lair:4   | 20014 ||| FLEEEEING.
 20027 | Lair:4   | 20027 ||| FLEEEEING.
 20072 | Lair:4   | 20072 ||| FLEEEEING.
 20107 | Lair:4   | 20107 ||| FLEEEEING.
 20181 | Lair:4   | 20181 ||| FLEEEEING.
 20222 | Lair:4   | 20222 ||| FLEEEEING.
 20251 | Lair:4   | 20251 ||| FLEEEEING.
 20371 | Lair:4   | 20371 ||| Stepping ~*~*~tactically~*~*~ (outnumbered).
 20373 | Lair:4   | 20373 ||| Stepping ~*~*~tactically~*~*~ (outnumbered).
 20375 | Lair:4   | 20375 ||| FLEEEEING.
 20414 | Lair:4   | 20414 ||| FLEEEEING.
 20438 | Lair:4   | 20438 ||| FLEEEEING.
 20471 | Lair:4   | 20471 ||| FLEEEEING.
 20593 | Lair:4   | 20593 ||| FLEEEEING.
 20626 | Lair:4   | 20626 ||| FLEEEEING.
 20657 | Lair:4   | 20657 ||| Stepping ~*~*~tactically~*~*~ (outnumbered).
 20659 | Lair:4   | 20659 ||| FLEEEEING.
 20707 | Lair:4   | 20707 ||| Stepping ~*~*~tactically~*~*~ (outnumbered).
 20709 | Lair:4   | 20709 ||| FLEEEEING.
 20848 | Lair:4   | 20848 ||| FLEEEEING.
 20888 | Lair:4   | 20888 ||| Stepping ~*~*~tactically~*~*~ (outnumbered).
 20890 | Lair:4   | 20890 ||| Stepping ~*~*~tactically~*~*~ (outnumbered).
 20892 | Lair:4   | 20892 ||| Stepping ~*~*~tactically~*~*~ (outnumbered).
 20894 | Lair:4   | 20894 ||| Stepping ~*~*~tactically~*~*~ (outnumbered).
 20896 | Lair:4   | 20896 ||| FLEEEEING.
 21016 | Lair:4   | 21016 ||| FLEEEEING.
 21136 | Lair:4   | 21136 ||| FLEEEEING.
 21191 | Lair:4   | 21191 ||| Stepping ~*~*~tactically~*~*~ (outnumbered).
 21193 | Lair:4   | 21193 ||| FLEEEEING.
 21223 | Lair:4   | 21223 ||| FLEEEEING.
 21274 | Lair:4   | 21274 ||| Stepping ~*~*~tactically~*~*~ (outnumbered).
 21280 | Lair:4   | 21280 ||| FLEEEEING.
 21305 | Lair:4   | 21305 ||| Stepping ~*~*~tactically~*~*~ (outnumbered).
 21307 | Lair:4   | 21307 ||| FLEEEEING.
 21428 | Lair:4   | 21428 ||| Stepping ~*~*~tactically~*~*~ (outnumbered).
 21430 | Lair:4   | 21430 ||| FLEEEEING.
 21473 | Lair:4   | 21473 ||| FLEEEEING.
 21518 | Lair:4   | 21518 ||| FLEEEEING.
 21570 | Lair:4   | 21570 ||| Stepping ~*~*~tactically~*~*~ (outnumbered).
 21580 | Lair:4   | 21580 ||| FLEEEEING.
 21620 | Lair:4   | 21620 ||| Stepping ~*~*~tactically~*~*~ (outnumbered).
 21622 | Lair:4   | 21622 ||| Stepping ~*~*~tactically~*~*~ (outnumbered).
 21624 | Lair:4   | 21624 ||| FLEEEEING.
 21680 | Lair:4   | 21680 ||| Stepping ~*~*~tactically~*~*~ (outnumbered).
 21682 | Lair:4   | 21682 ||| Stepping ~*~*~tactically~*~*~ (outnumbered).
 21688 | Lair:4   | 21688 ||| Stepping ~*~*~tactically~*~*~ (outnumbered).
 21690 | Lair:4   | 21690 ||| Stepping ~*~*~tactically~*~*~ (outnumbered).
 21692 | Lair:4   | 21692 ||| FLEEEEING.
 21724 | Lair:4   | 21724 ||| Stepping ~*~*~tactically~*~*~ (outnumbered).
 21730 | Lair:4   | 21730 ||| Stepping ~*~*~tactically~*~*~ (outnumbered).
 21732 | Lair:4   | 21732 ||| Stepping ~*~*~tactically~*~*~ (outnumbered).
 21734 | Lair:4   | 21734 ||| Stepping ~*~*~tactically~*~*~ (outnumbered).
 21736 | Lair:4   | 21736 ||| Stepping ~*~*~tactically~*~*~ (outnumbered).
 21738 | Lair:4   | 21738 ||| Stepping ~*~*~tactically~*~*~ (outnumbered).
 21740 | Lair:4   | 21740 ||| FLEEEEING.
 21758 | Lair:4   | 21758 ||| FLEEEEING.
 21878 | Lair:4   | 21878 ||| Stepping ~*~*~tactically~*~*~ (outnumbered).
 21880 | Lair:4   | 21880 ||| FLEEEEING.
 21912 | Lair:4   | 21912 ||| Stepping ~*~*~tactically~*~*~ (outnumbered).
 21925 | Lair:4   | 21925 ||| FLEEEEING.
 21941 | Lair:4   | 21941 ||| FLEEEEING.
 21974 | Lair:4   | 21974 ||| FLEEEEING.
 22000 | Lair:4   | 22000 ||| Stepping ~*~*~tactically~*~*~ (outnumbered).
 22002 | Lair:4   | 22002 ||| FLEEEEING.
 22038 | Lair:4   | 22038 ||| FLEEEEING.
 22063 | Lair:4   | 22063 ||| Stepping ~*~*~tactically~*~*~ (outnumbered).
 22065 | Lair:4   | 22065 ||| FLEEEEING.
 22100 | Lair:4   | 22100 ||| FLEEEEING.
 22139 | Lair:4   | 22139 ||| FLEEEEING.
 22161 | Lair:4   | 22161 ||| Stepping ~*~*~tactically~*~*~ (outnumbered).
 22163 | Lair:4   | 22163 ||| FLEEEEING.
 22197 | Lair:4   | 22197 ||| Stepping ~*~*~tactically~*~*~ (outnumbered).
 22199 | Lair:4   | 22199 ||| FLEEEEING.
 22251 | Lair:4   | 22251 ||| Stepping ~*~*~tactically~*~*~ (outnumbered).
 22253 | Lair:4   | 22253 ||| FLEEEEING.
 22391 | Lair:4   | 22391 ||| Stepping ~*~*~tactically~*~*~ (outnumbered).
 22393 | Lair:4   | 22393 ||| Stepping ~*~*~tactically~*~*~ (outnumbered).
 22395 | Lair:4   | 22395 ||| FLEEEEING.
 22435 | Lair:4   | 22435 ||| Stepping ~*~*~tactically~*~*~ (outnumbered).
 22437 | Lair:4   | 22437 ||| Stepping ~*~*~tactically~*~*~ (outnumbered).
 22439 | Lair:4   | 22439 ||| Stepping ~*~*~tactically~*~*~ (outnumbered).
 22441 | Lair:4   | 22441 ||| Stepping ~*~*~tactically~*~*~ (outnumbered).
 22443 | Lair:4   | 22443 ||| FLEEEEING.
 22487 | Lair:4   | 22487 ||| FLEEEEING.
 22525 | Lair:4   | 22525 ||| Stepping ~*~*~tactically~*~*~ (outnumbered).
 22527 | Lair:4   | 22527 ||| FLEEEEING.
 22544 | Lair:4   | 22544 ||| FLEEEEING.
 22574 | Lair:4   | 22574 ||| Stepping ~*~*~tactically~*~*~ (outnumbered).
 22576 | Lair:4   | 22576 ||| FLEEEEING.
 22594 | Lair:4   | 22594 ||| FLEEEEING.
 22626 | Lair:4   | 22626 ||| Stepping ~*~*~tactically~*~*~ (outnumbered).
 22628 | Lair:4   | 22628 ||| FLEEEEING.
 22650 | Lair:4   | 22650 ||| Stepping ~*~*~tactically~*~*~ (outnumbered).
 22652 | Lair:4   | 22652 ||| Stepping ~*~*~tactically~*~*~ (outnumbered).
 22654 | Lair:4   | 22654 ||| FLEEEEING.
 22684 | Lair:4   | 22684 ||| FLEEEEING.
 22804 | Lair:4   | 22804 ||| Stepping ~*~*~tactically~*~*~ (outnumbered).
 22806 | Lair:4   | 22806 ||| FLEEEEING.
 22848 | Lair:4   | 22848 ||| Stepping ~*~*~tactically~*~*~ (outnumbered).
 22850 | Lair:4   | 22850 ||| FLEEEEING.
 22987 | Lair:4   | 22987 ||| FLEEEEING.
 23021 | Lair:4   | 23021 ||| Stepping ~*~*~tactically~*~*~ (outnumbered).
 23023 | Lair:4   | 23023 ||| FLEEEEING.
 23055 | Lair:4   | 23055 ||| FLEEEEING.
 23089 | Lair:4   | 23089 ||| Stepping ~*~*~tactically~*~*~ (outnumbered).
 23091 | Lair:4   | 23091 ||| FLEEEEING.
 23212 | Lair:4   | 23212 ||| Stepping ~*~*~tactically~*~*~ (outnumbered).
 23214 | Lair:4   | 23214 ||| FLEEEEING.
 23280 | Lair:4   | 23280 ||| Stepping ~*~*~tactically~*~*~ (outnumbered).
 23282 | Lair:4   | 23282 ||| FLEEEEING.
 23403 | Lair:4   | 23403 ||| Stepping ~*~*~tactically~*~*~ (outnumbered).
 23405 | Lair:4   | 23405 ||| FLEEEEING.
 23528 | Lair:4   | 23528 ||| FLEEEEING.
 23652 | Lair:4   | 23652 ||| Stepping ~*~*~tactically~*~*~ (outnumbered).
 23654 | Lair:4   | 23654 ||| Stepping ~*~*~tactically~*~*~ (outnumbered).
 23656 | Lair:4   | 23656 ||| FLEEEEING.
 23777 | Lair:4   | 23777 ||| Stepping ~*~*~tactically~*~*~ (outnumbered).
 23784 | Lair:4   | 23784 ||| Stepping ~*~*~tactically~*~*~ (outnumbered).
 23786 | Lair:4   | 23786 ||| Stepping ~*~*~tactically~*~*~ (outnumbered).
 23788 | Lair:4   | 23788 ||| FLEEEEING.
 23845 | Lair:4   | 23845 ||| FLEEEEING.
 23965 | Lair:4   | 23965 ||| Stepping ~*~*~tactically~*~*~ (outnumbered).
 23967 | Lair:4   | 23967 ||| Stepping ~*~*~tactically~*~*~ (outnumbered).
 23969 | Lair:4   | 23969 ||| Stepping ~*~*~tactically~*~*~ (outnumbered).
 23971 | Lair:4   | 23971 ||| Stepping ~*~*~tactically~*~*~ (outnumbered).
 23973 | Lair:4   | 23973 ||| FLEEEEING.
 24009 | Lair:4   | 24009 ||| FLEEEEING.
 24042 | Lair:4   | 24042 ||| Stepping ~*~*~tactically~*~*~ (outnumbered).
 24044 | Lair:4   | 24044 ||| Stepping ~*~*~tactically~*~*~ (outnumbered).
 24046 | Lair:4   | 24046 ||| FLEEEEING.
 24088 | Lair:4   | 24088 ||| Stepping ~*~*~tactically~*~*~ (outnumbered).
 24090 | Lair:4   | 24090 ||| Stepping ~*~*~tactically~*~*~ (outnumbered).
 24092 | Lair:4   | 24092 ||| FLEEEEING.
 24124 | Lair:4   | 24124 ||| Stepping ~*~*~tactically~*~*~ (outnumbered).
 24126 | Lair:4   | 24126 ||| FLEEEEING.
 24156 | Lair:4   | 24156 ||| FLEEEEING.
 24186 | Lair:4   | 24186 ||| Stepping ~*~*~tactically~*~*~ (outnumbered).
 24194 | Lair:4   | 24194 ||| Stepping ~*~*~tactically~*~*~ (outnumbered).
 24196 | Lair:4   | 24196 ||| Stepping ~*~*~tactically~*~*~ (outnumbered).
 24198 | Lair:4   | 24198 ||| Stepping ~*~*~tactically~*~*~ (outnumbered).
 24200 | Lair:4   | 24200 ||| Stepping ~*~*~tactically~*~*~ (outnumbered).
 24211 | Lair:4   | 24211 ||| FLEEEEING.
 24256 | Lair:4   | 24256 ||| FLEEEEING.
 24272 | Lair:4   | 24272 ||| Stepping ~*~*~tactically~*~*~ (outnumbered).
 24274 | Lair:4   | 24274 ||| Stepping ~*~*~tactically~*~*~ (outnumbered).
 24287 | Lair:4   | 24287 ||| FLEEEEING.
 24407 | Lair:4   | 24407 ||| Stepping ~*~*~tactically~*~*~ (outnumbered).
 24409 | Lair:4   | 24409 ||| Stepping ~*~*~tactically~*~*~ (outnumbered).
 24411 | Lair:4   | 24411 ||| Stepping ~*~*~tactically~*~*~ (outnumbered).
 24413 | Lair:4   | 24413 ||| Stepping ~*~*~tactically~*~*~ (outnumbered).
 24415 | Lair:4   | 24415 ||| Stepping ~*~*~tactically~*~*~ (outnumbered).
 24426 | Lair:4   | 24426 ||| Stepping ~*~*~tactically~*~*~ (outnumbered).
 24428 | Lair:4   | 24428 ||| FLEEEEING.
 24460 | Lair:4   | 24460 ||| FLEEEEING.
 24477 | Lair:4   | 24477 ||| FLEEEEING.
 24504 | Lair:4   | 24504 ||| Stepping ~*~*~tactically~*~*~ (outnumbered).
 24506 | Lair:4   | 24506 ||| Stepping ~*~*~tactically~*~*~ (outnumbered).
 24518 | Lair:4   | 24518 ||| FLEEEEING.
 24548 | Lair:4   | 24548 ||| Stepping ~*~*~tactically~*~*~ (outnumbered).
 24558 | Lair:4   | 24558 ||| FLEEEEING.
 24591 | Lair:4   | 24591 ||| Stepping ~*~*~tactically~*~*~ (outnumbered).
 24593 | Lair:4   | 24593 ||| Stepping ~*~*~tactically~*~*~ (outnumbered).
 24595 | Lair:4   | 24595 ||| FLEEEEING.
 24620 | Lair:4   | 24620 ||| FLEEEEING.
 24654 | Lair:4   | 24654 ||| FLEEEEING.
 24683 | Lair:4   | 24683 ||| FLEEEEING.
 24716 | Lair:4   | 24716 ||| FLEEEEING.
 24742 | Lair:4   | 24742 ||| Stepping ~*~*~tactically~*~*~ (outnumbered).
 24744 | Lair:4   | 24744 ||| Stepping ~*~*~tactically~*~*~ (outnumbered).
 24746 | Lair:4   | 24746 ||| Stepping ~*~*~tactically~*~*~ (outnumbered).
 24748 | Lair:4   | 24748 ||| FLEEEEING.
 24775 | Lair:4   | 24775 ||| Stepping ~*~*~tactically~*~*~ (outnumbered).
 24777 | Lair:4   | 24777 ||| Stepping ~*~*~tactically~*~*~ (outnumbered).
 24779 | Lair:4   | 24779 ||| FLEEEEING.
 24800 | Lair:4   | 24800 ||| Stepping ~*~*~tactically~*~*~ (outnumbered).
 24802 | Lair:4   | 24802 ||| FLEEEEING.
 24837 | Lair:4   | 24837 ||| Stepping ~*~*~tactically~*~*~ (outnumbered).
 24839 | Lair:4   | 24839 ||| FLEEEEING.
 24864 | Lair:4   | 24864 ||| FLEEEEING.
 24883 | Lair:4   | 24883 ||| FLEEEEING.
 24927 | Lair:4   | 24927 ||| FLEEEEING.
 24977 | Lair:4   | 24977 ||| FLEEEEING.
 25097 | Lair:4   | 25097 ||| FLEEEEING.
 25119 | Lair:4   | 25119 ||| Stepping ~*~*~tactically~*~*~ (outnumbered).
 25121 | Lair:4   | 25121 ||| FLEEEEING.
 25145 | Lair:4   | 25145 ||| Stepping ~*~*~tactically~*~*~ (outnumbered).
 25147 | Lair:4   | 25147 ||| Stepping ~*~*~tactically~*~*~ (outnumbered).
 25149 | Lair:4   | 25149 ||| FLEEEEING.
 25269 | Lair:4   | 25269 ||| Stepping ~*~*~tactically~*~*~ (outnumbered).
 25271 | Lair:4   | 25271 ||| Stepping ~*~*~tactically~*~*~ (outnumbered).
 25273 | Lair:4   | 25273 ||| FLEEEEING.
 25394 | Lair:4   | 25394 ||| FLEEEEING.
 25429 | Lair:4   | 25429 ||| Stepping ~*~*~tactically~*~*~ (outnumbered).
 25431 | Lair:4   | 25431 ||| Stepping ~*~*~tactically~*~*~ (outnumbered).
 25433 | Lair:4   | 25433 ||| Stepping ~*~*~tactically~*~*~ (outnumbered).
 25443 | Lair:4   | 25443 ||| FLEEEEING.
 25477 | Lair:4   | 25477 ||| Stepping ~*~*~tactically~*~*~ (outnumbered).
 25479 | Lair:4   | 25479 ||| Stepping ~*~*~tactically~*~*~ (outnumbered).
 25488 | Lair:4   | 25488 ||| FLEEEEING.
 25537 | Lair:4   | 25537 ||| FLEEEEING.
 25561 | Lair:4   | 25561 ||| Stepping ~*~*~tactically~*~*~ (outnumbered).
 25563 | Lair:4   | 25563 ||| FLEEEEING.
 25687 | Lair:4   | 25687 ||| FLEEEEING.
 25715 | Lair:4   | 25715 ||| Stepping ~*~*~tactically~*~*~ (outnumbered).
 25717 | Lair:4   | 25717 ||| Stepping ~*~*~tactically~*~*~ (outnumbered).
 25721 | Lair:4   | 25721 ||| Stepping ~*~*~tactically~*~*~ (outnumbered).
 25723 | Lair:4   | 25723 ||| Stepping ~*~*~tactically~*~*~ (outnumbered).
 25725 | Lair:4   | 25725 ||| FLEEEEING.
 25751 | Lair:4   | 25751 ||| Stepping ~*~*~tactically~*~*~ (outnumbered).
 25753 | Lair:4   | 25753 ||| Stepping ~*~*~tactically~*~*~ (outnumbered).
 25755 | Lair:4   | 25755 ||| FLEEEEING.
 25788 | Lair:4   | 25788 ||| Stepping ~*~*~tactically~*~*~ (outnumbered).
 25790 | Lair:4   | 25790 ||| FLEEEEING.
 25825 | Lair:4   | 25825 ||| Stepping ~*~*~tactically~*~*~ (outnumbered).
 25827 | Lair:4   | 25827 ||| FLEEEEING.
 25856 | Lair:4   | 25856 ||| FLEEEEING.
 25976 | Lair:4   | 25976 ||| FLEEEEING.
 26036 | Lair:4   | 26036 ||| FLEEEEING.
 26157 | Lair:4   | 26157 ||| Stepping ~*~*~tactically~*~*~ (outnumbered).
 26159 | Lair:4   | 26159 ||| FLEEEEING.
 26282 | Lair:4   | 26282 ||| FLEEEEING.
 26402 | Lair:4   | 26402 ||| FLEEEEING.
 26432 | Lair:4   | 26432 ||| Stepping ~*~*~tactically~*~*~ (outnumbered).
 26434 | Lair:4   | 26434 ||| FLEEEEING.
 26469 | Lair:4   | 26469 ||| FLEEEEING.
 26494 | Lair:4   | 26494 ||| Stepping ~*~*~tactically~*~*~ (outnumbered).
 26496 | Lair:4   | 26496 ||| FLEEEEING.
 26535 | Lair:4   | 26535 ||| Stepping ~*~*~tactically~*~*~ (outnumbered).
 26537 | Lair:4   | 26537 ||| Stepping ~*~*~tactically~*~*~ (outnumbered).
 26539 | Lair:4   | 26539 ||| FLEEEEING.
 26662 | Lair:4   | 26662 ||| FLEEEEING.
 26705 | Lair:4   | 26705 ||| Stepping ~*~*~tactically~*~*~ (outnumbered).
 26707 | Lair:4   | 26707 ||| FLEEEEING.
 26732 | Lair:4   | 26732 ||| FLEEEEING.
 26762 | Lair:4   | 26762 ||| FLEEEEING.
 26792 | Lair:4   | 26792 ||| Stepping ~*~*~tactically~*~*~ (outnumbered).
 26796 | Lair:4   | 26796 ||| Stepping ~*~*~tactically~*~*~ (outnumbered).
 26798 | Lair:4   | 26798 ||| FLEEEEING.
 26832 | Lair:4   | 26832 ||| FLEEEEING.
 26859 | Lair:4   | 26859 ||| FLEEEEING.
 26899 | Lair:4   | 26899 ||| Stepping ~*~*~tactically~*~*~ (outnumbered).
 26901 | Lair:4   | 26901 ||| FLEEEEING.
 26942 | Lair:4   | 26942 ||| FLEEEEING.
 26995 | Lair:4   | 26995 ||| FLEEEEING.
 27033 | Lair:4   | 27033 ||| FLEEEEING.
 27153 | Lair:4   | 27153 ||| Stepping ~*~*~tactically~*~*~ (outnumbered).
 27155 | Lair:4   | 27155 ||| FLEEEEING.
 27203 | Lair:4   | 27203 ||| Stepping ~*~*~tactically~*~*~ (outnumbered).
 27205 | Lair:4   | 27205 ||| FLEEEEING.
 27224 | Lair:4   | 27224 ||| FLEEEEING.
 27259 | Lair:4   | 27259 ||| Stepping ~*~*~tactically~*~*~ (outnumbered).
 27261 | Lair:4   | 27261 ||| Stepping ~*~*~tactically~*~*~ (outnumbered).
 27263 | Lair:4   | 27263 ||| Stepping ~*~*~tactically~*~*~ (outnumbered).
 27265 | Lair:4   | 27265 ||| FLEEEEING.
 27312 | Lair:4   | 27312 ||| FLEEEEING.
 27348 | Lair:4   | 27348 ||| FLEEEEING.
 27468 | Lair:4   | 27468 ||| FLEEEEING.
 27500 | Lair:4   | 27500 ||| Stepping ~*~*~tactically~*~*~ (outnumbered).
 27502 | Lair:4   | 27502 ||| FLEEEEING.
 27634 | Lair:4   | 27634 ||| FLEEEEING.
 27697 | Lair:4   | 27697 ||| Stepping ~*~*~tactically~*~*~ (outnumbered).
 27699 | Lair:4   | 27699 ||| FLEEEEING.
 27822 | Lair:4   | 27822 ||| Stepping ~*~*~tactically~*~*~ (outnumbered).
 27824 | Lair:4   | 27824 ||| Stepping ~*~*~tactically~*~*~ (outnumbered).
 27826 | Lair:4   | 27826 ||| FLEEEEING.
 27946 | Lair:4   | 27946 ||| FLEEEEING.
 27963 | Lair:4   | 27963 ||| FLEEEEING.
 28011 | Lair:4   | 28011 ||| Stepping ~*~*~tactically~*~*~ (outnumbered).
 28013 | Lair:4   | 28013 ||| FLEEEEING.
 28044 | Lair:4   | 28044 ||| FLEEEEING.
 28066 | Lair:4   | 28066 ||| Stepping ~*~*~tactically~*~*~ (outnumbered).
 28068 | Lair:4   | 28068 ||| FLEEEEING.
 28129 | Lair:4   | 28129 ||| FLEEEEING.
 28155 | Lair:4   | 28155 ||| Stepping ~*~*~tactically~*~*~ (outnumbered).
 28163 | Lair:4   | 28163 ||| FLEEEEING.
 28205 | Lair:4   | 28205 ||| FLEEEEING.
 28226 | Lair:4   | 28226 ||| Stepping ~*~*~tactically~*~*~ (outnumbered).
 28228 | Lair:4   | 28228 ||| FLEEEEING.
 28259 | Lair:4   | 28259 ||| FLEEEEING.
 28312 | Lair:4   | 28312 ||| Stepping ~*~*~tactically~*~*~ (outnumbered).
 28314 | Lair:4   | 28314 ||| FLEEEEING.
 28343 | Lair:4   | 28343 ||| FLEEEEING.
 28367 | Lair:4   | 28367 ||| FLEEEEING.
 28490 | Lair:4   | 28490 ||| FLEEEEING.
 28610 | Lair:4   | 28610 ||| FLEEEEING.
 28655 | Lair:4   | 28655 ||| Stepping ~*~*~tactically~*~*~ (outnumbered).
 28664 | Lair:4   | 28664 ||| FLEEEEING.
 28696 | Lair:4   | 28696 ||| Stepping ~*~*~tactically~*~*~ (outnumbered).
 28698 | Lair:4   | 28698 ||| Stepping ~*~*~tactically~*~*~ (outnumbered).
 28700 | Lair:4   | 28700 ||| Stepping ~*~*~tactically~*~*~ (outnumbered).
 28702 | Lair:4   | 28702 ||| Stepping ~*~*~tactically~*~*~ (outnumbered).
 28704 | Lair:4   | 28704 ||| FLEEEEING.
 28733 | Lair:4   | 28733 ||| FLEEEEING.
 28780 | Lair:4   | 28780 ||| FLEEEEING.
 28834 | Lair:4   | 28834 ||| FLEEEEING.
 28875 | Lair:4   | 28875 ||| FLEEEEING.
 28997 | Lair:4   | 28997 ||| FLEEEEING.
 29121 | Lair:4   | 29121 ||| Stepping ~*~*~tactically~*~*~ (outnumbered).
 29126 | Lair:4   | 29126 ||| Stepping ~*~*~tactically~*~*~ (outnumbered).
 29128 | Lair:4   | 29128 ||| Stepping ~*~*~tactically~*~*~ (outnumbered).
 29130 | Lair:4   | 29130 ||| FLEEEEING.
 29145 | Lair:4   | 29145 ||| Stepping ~*~*~tactically~*~*~ (outnumbered).
 29147 | Lair:4   | 29147 ||| Stepping ~*~*~tactically~*~*~ (outnumbered).
 29149 | Lair:4   | 29149 ||| Stepping ~*~*~tactically~*~*~ (outnumbered).
 29157 | Lair:4   | 29157 ||| FLEEEEING.
 29189 | Lair:4   | 29189 ||| FLEEEEING.
 29320 | Lair:4   | 29320 ||| FLEEEEING.
 29443 | Lair:4   | 29443 ||| FLEEEEING.
 29466 | Lair:4   | 29466 ||| Stepping ~*~*~tactically~*~*~ (outnumbered).
 29473 | Lair:4   | 29473 ||| FLEEEEING.
 29503 | Lair:4   | 29503 ||| FLEEEEING.
 29542 | Lair:4   | 29542 ||| FLEEEEING.
 29570 | Lair:4   | 29570 ||| FLEEEEING.
 29583 | Lair:4   | 29583 ||| FLEEEEING.
 29596 | Lair:4   | 29596 ||| Stepping ~*~*~tactically~*~*~ (outnumbered).
 29598 | Lair:4   | 29598 ||| Stepping ~*~*~tactically~*~*~ (outnumbered).
 29600 | Lair:4   | 29600 ||| FLEEEEING.
 29720 | Lair:4   | 29720 ||| Stepping ~*~*~tactically~*~*~ (outnumbered).
 29722 | Lair:4   | 29722 ||| FLEEEEING.
 29740 | Lair:4   | 29740 ||| FLEEEEING.
 29769 | Lair:4   | 29769 ||| FLEEEEING.
 29889 | Lair:4   | 29889 ||| Stepping ~*~*~tactically~*~*~ (outnumbered).
 29902 | Lair:4   | 29902 ||| Stepping ~*~*~tactically~*~*~ (outnumbered).
 29908 | Lair:4   | 29908 ||| Stepping ~*~*~tactically~*~*~ (outnumbered).
 29910 | Lair:4   | 29910 ||| FLEEEEING.
 30030 | Lair:4   | 30030 ||| Stepping ~*~*~tactically~*~*~ (outnumbered).
 30032 | Lair:4   | 30032 ||| FLEEEEING.
 30061 | Lair:4   | 30061 ||| FLEEEEING.
 30097 | Lair:4   | 30097 ||| FLEEEEING.
 30159 | Lair:4   | 30159 ||| Stepping ~*~*~tactically~*~*~ (outnumbered).
 30161 | Lair:4   | 30161 ||| FLEEEEING.
 30176 | Lair:4   | 30176 ||| Stepping ~*~*~tactically~*~*~ (outnumbered).
 30178 | Lair:4   | 30178 ||| FLEEEEING.
 30215 | Lair:4   | 30215 ||| Stepping ~*~*~tactically~*~*~ (outnumbered).
 30217 | Lair:4   | 30217 ||| FLEEEEING.
 30255 | Lair:4   | 30255 ||| Stepping ~*~*~tactically~*~*~ (outnumbered).
 30257 | Lair:4   | 30257 ||| FLEEEEING.
 30294 | Lair:4   | 30294 ||| FLEEEEING.
 30410 | Lair:4   | Fell from the grace of Okawaru
 30414 | Lair:4   | 30414 ||| Stepping ~*~*~tactically~*~*~ (outnumbered).
 30654 | D:3      | 30654 ||| PLANNING TEMPLE
 30654 | D:3      | Became a worshipper of Warmaster Okawaru
 30763 | Temple   | Entered the Ecumenical Temple
 30763 | Temple   | Found a transporter.
 30763 | Temple   | Found a transporter.
 30764 | Temple   | 30764 ||| PLANNING LAIR
 30930 | Lair:4   | 30930 ||| Stepping ~*~*~tactically~*~*~ (outnumbered).
 30942 | Lair:4   | 30942 ||| FLEEEEING.
 30988 | Lair:4   | 30988 ||| Stepping ~*~*~tactically~*~*~ (outnumbered).
 30990 | Lair:4   | 30990 ||| FLEEEEING.
 31019 | Lair:4   | 31019 ||| Stepping ~*~*~tactically~*~*~ (outnumbered).
 31021 | Lair:4   | 31021 ||| Stepping ~*~*~tactically~*~*~ (outnumbered).
 31023 | Lair:4   | 31023 ||| FLEEEEING.
 31049 | Lair:4   | 31049 ||| Stepping ~*~*~tactically~*~*~ (outnumbered).
 31051 | Lair:4   | 31051 ||| Stepping ~*~*~tactically~*~*~ (outnumbered).
 31053 | Lair:4   | 31053 ||| Stepping ~*~*~tactically~*~*~ (outnumbered).
 31055 | Lair:4   | 31055 ||| FLEEEEING.
 31092 | Lair:4   | 31092 ||| FLEEEEING.
 31123 | Lair:4   | 31123 ||| FLEEEEING.
 31162 | Lair:4   | 31162 ||| FLEEEEING.
 31282 | Lair:4   | 31282 ||| FLEEEEING.
 31321 | Lair:4   | 31321 ||| FLEEEEING.
 31444 | Lair:4   | 31444 ||| FLEEEEING.
 31478 | Lair:4   | 31478 ||| Stepping ~*~*~tactically~*~*~ (outnumbered).
 31480 | Lair:4   | 31480 ||| Stepping ~*~*~tactically~*~*~ (outnumbered).
 31482 | Lair:4   | 31482 ||| FLEEEEING.
 31614 | Lair:4   | 31614 ||| Stepping ~*~*~tactically~*~*~ (outnumbered).
 31616 | Lair:4   | 31616 ||| FLEEEEING.
 31755 | Lair:4   | 31755 ||| Stepping ~*~*~tactically~*~*~ (outnumbered).
 31757 | Lair:4   | 31757 ||| Stepping ~*~*~tactically~*~*~ (outnumbered).
 31759 | Lair:4   | 31759 ||| FLEEEEING.
 31799 | Lair:4   | 31799 ||| Stepping ~*~*~tactically~*~*~ (outnumbered).
 31810 | Lair:4   | 31810 ||| FLEEEEING.
 31838 | Lair:4   | 31838 ||| FLEEEEING.
 31961 | Lair:4   | 31961 ||| Stepping ~*~*~tactically~*~*~ (outnumbered).
 31963 | Lair:4   | 31963 ||| FLEEEEING.
 31980 | Lair:4   | 31980 ||| FLEEEEING.
 32031 | Lair:4   | 32031 ||| Stepping ~*~*~tactically~*~*~ (outnumbered).
 32033 | Lair:4   | 32033 ||| FLEEEEING.
 32070 | Lair:4   | 32070 ||| FLEEEEING.
 32099 | Lair:4   | 32099 ||| FLEEEEING.
 32149 | Lair:4   | 32149 ||| Stepping ~*~*~tactically~*~*~ (outnumbered).
 32151 | Lair:4   | 32151 ||| Stepping ~*~*~tactically~*~*~ (outnumbered).
 32159 | Lair:4   | 32159 ||| Stepping ~*~*~tactically~*~*~ (outnumbered).
 32161 | Lair:4   | 32161 ||| FLEEEEING.
 32281 | Lair:4   | 32281 ||| Stepping ~*~*~tactically~*~*~ (outnumbered).
 32283 | Lair:4   | 32283 ||| FLEEEEING.
 32309 | Lair:4   | 32309 ||| Stepping ~*~*~tactically~*~*~ (outnumbered).
 32311 | Lair:4   | 32311 ||| FLEEEEING.
 32432 | Lair:4   | 32432 ||| FLEEEEING.
 32552 | Lair:4   | 32552 ||| Stepping ~*~*~tactically~*~*~ (outnumbered).
 32554 | Lair:4   | 32554 ||| Stepping ~*~*~tactically~*~*~ (outnumbered).
 32556 | Lair:4   | 32556 ||| Stepping ~*~*~tactically~*~*~ (outnumbered).
 32558 | Lair:4   | 32558 ||| Stepping ~*~*~tactically~*~*~ (outnumbered).
 32560 | Lair:4   | 32560 ||| FLEEEEING.
 32601 | Lair:4   | 32601 ||| Stepping ~*~*~tactically~*~*~ (outnumbered).
 32603 | Lair:4   | 32603 ||| FLEEEEING.
 32643 | Lair:4   | 32643 ||| Stepping ~*~*~tactically~*~*~ (outnumbered).
 32645 | Lair:4   | 32645 ||| Stepping ~*~*~tactically~*~*~ (outnumbered).
 32647 | Lair:4   | 32647 ||| Stepping ~*~*~tactically~*~*~ (outnumbered).
 32649 | Lair:4   | 32649 ||| Stepping ~*~*~tactically~*~*~ (outnumbered).
 32651 | Lair:4   | 32651 ||| Stepping ~*~*~tactically~*~*~ (outnumbered).
 32661 | Lair:4   | 32661 ||| FLEEEEING.
 32685 | Lair:4   | 32685 ||| Stepping ~*~*~tactically~*~*~ (outnumbered).
 32687 | Lair:4   | 32687 ||| FLEEEEING.
 32720 | Lair:4   | 32720 ||| FLEEEEING.
 32841 | Lair:4   | 32841 ||| FLEEEEING.
 32874 | Lair:4   | 32874 ||| Stepping ~*~*~tactically~*~*~ (outnumbered).
 32882 | Lair:4   | 32882 ||| FLEEEEING.
 32915 | Lair:4   | 32915 ||| FLEEEEING.
 32941 | Lair:4   | 32941 ||| Stepping ~*~*~tactically~*~*~ (outnumbered).
 32943 | Lair:4   | 32943 ||| FLEEEEING.
 32977 | Lair:4   | 32977 ||| Stepping ~*~*~tactically~*~*~ (outnumbered).
 32979 | Lair:4   | 32979 ||| FLEEEEING.
 33015 | Lair:4   | 33015 ||| Stepping ~*~*~tactically~*~*~ (outnumbered).
 33017 | Lair:4   | 33017 ||| Stepping ~*~*~tactically~*~*~ (outnumbered).
 33019 | Lair:4   | 33019 ||| Stepping ~*~*~tactically~*~*~ (outnumbered).
 33021 | Lair:4   | 33021 ||| FLEEEEING.
 33072 | Lair:4   | 33072 ||| Stepping ~*~*~tactically~*~*~ (outnumbered).
 33074 | Lair:4   | 33074 ||| FLEEEEING.
 33200 | Lair:4   | 33200 ||| FLEEEEING.
 33222 | Lair:4   | 33222 ||| Stepping ~*~*~tactically~*~*~ (outnumbered).
 33224 | Lair:4   | 33224 ||| Stepping ~*~*~tactically~*~*~ (outnumbered).
 33226 | Lair:4   | 33226 ||| FLEEEEING.
 33269 | Lair:4   | 33269 ||| FLEEEEING.
 33321 | Lair:4   | 33321 ||| FLEEEEING.
 33335 | Lair:4   | 33335 ||| FLEEEEING.
 33371 | Lair:4   | 33371 ||| FLEEEEING.
 33425 | Lair:4   | 33425 ||| FLEEEEING.
 33453 | Lair:4   | 33453 ||| Stepping ~*~*~tactically~*~*~ (outnumbered).
 33455 | Lair:4   | 33455 ||| Stepping ~*~*~tactically~*~*~ (outnumbered).
 33457 | Lair:4   | 33457 ||| FLEEEEING.
 33577 | Lair:4   | 33577 ||| Stepping ~*~*~tactically~*~*~ (outnumbered).
 33579 | Lair:4   | 33579 ||| FLEEEEING.
 33615 | Lair:4   | 33615 ||| FLEEEEING.
 33645 | Lair:4   | 33645 ||| FLEEEEING.
 33681 | Lair:4   | 33681 ||| FLEEEEING.
 33718 | Lair:4   | 33718 ||| FLEEEEING.
 33745 | Lair:4   | 33745 ||| FLEEEEING.
 33777 | Lair:4   | 33777 ||| FLEEEEING.
 33897 | Lair:4   | 33897 ||| FLEEEEING.
 34017 | Lair:4   | 34017 ||| Stepping ~*~*~tactically~*~*~ (outnumbered).
 34028 | Lair:4   | 34028 ||| FLEEEEING.
 34065 | Lair:4   | 34065 ||| FLEEEEING.
 34106 | Lair:4   | 34106 ||| FLEEEEING.
 34226 | Lair:4   | 34226 ||| FLEEEEING.
 34248 | Lair:4   | 34248 ||| Stepping ~*~*~tactically~*~*~ (outnumbered).
 34250 | Lair:4   | 34250 ||| FLEEEEING.
 34370 | Lair:4   | 34370 ||| Stepping ~*~*~tactically~*~*~ (outnumbered).
 34372 | Lair:4   | 34372 ||| FLEEEEING.
 34410 | Lair:4   | 34410 ||| FLEEEEING.
 34444 | Lair:4   | 34444 ||| FLEEEEING.
 34564 | Lair:4   | 34564 ||| FLEEEEING.
 34598 | Lair:4   | 34598 ||| Stepping ~*~*~tactically~*~*~ (outnumbered).
 34600 | Lair:4   | 34600 ||| Stepping ~*~*~tactically~*~*~ (outnumbered).
 34602 | Lair:4   | 34602 ||| Stepping ~*~*~tactically~*~*~ (outnumbered).
 34604 | Lair:4   | 34604 ||| Stepping ~*~*~tactically~*~*~ (outnumbered).
 34606 | Lair:4   | 34606 ||| Stepping ~*~*~tactically~*~*~ (outnumbered).
 34608 | Lair:4   | 34608 ||| FLEEEEING.
 34635 | Lair:4   | 34635 ||| FLEEEEING.
 34658 | Lair:4   | 34658 ||| FLEEEEING.
 34706 | Lair:4   | 34706 ||| Stepping ~*~*~tactically~*~*~ (outnumbered).
 34708 | Lair:4   | 34708 ||| FLEEEEING.
 34828 | Lair:4   | 34828 ||| FLEEEEING.
 34854 | Lair:4   | 34854 ||| Stepping ~*~*~tactically~*~*~ (outnumbered).
 34856 | Lair:4   | 34856 ||| Stepping ~*~*~tactically~*~*~ (outnumbered).
 34858 | Lair:4   | 34858 ||| FLEEEEING.
 34982 | Lair:4   | Fell from the grace of Okawaru
 34987 | Lair:4   | 34987 ||| FLEEEEING.
 35241 | D:3      | 35241 ||| PLANNING TEMPLE
 35241 | D:3      | Became a worshipper of Warmaster Okawaru
 35351 | Temple   | 35351 ||| PLANNING LAIR
 35517 | Lair:4   | 35517 ||| FLEEEEING.
 35551 | Lair:4   | 35551 ||| Stepping ~*~*~tactically~*~*~ (outnumbered).
 35553 | Lair:4   | 35553 ||| Stepping ~*~*~tactically~*~*~ (outnumbered).
 35555 | Lair:4   | 35555 ||| FLEEEEING.
 35610 | Lair:4   | 35610 ||| FLEEEEING.
 35642 | Lair:4   | 35642 ||| FLEEEEING.
 35762 | Lair:4   | 35762 ||| FLEEEEING.
 35808 | Lair:4   | 35808 ||| FLEEEEING.
 35928 | Lair:4   | 35928 ||| FLEEEEING.
 35962 | Lair:4   | 35962 ||| FLEEEEING.
 36082 | Lair:4   | 36082 ||| FLEEEEING.
 36202 | Lair:4   | 36202 ||| Stepping ~*~*~tactically~*~*~ (outnumbered).
 36213 | Lair:4   | 36213 ||| Stepping ~*~*~tactically~*~*~ (outnumbered).
 36215 | Lair:4   | 36215 ||| FLEEEEING.
 36251 | Lair:4   | 36251 ||| FLEEEEING.
 36296 | Lair:4   | 36296 ||| FLEEEEING.
 36416 | Lair:4   | 36416 ||| Stepping ~*~*~tactically~*~*~ (outnumbered).
 36425 | Lair:4   | 36425 ||| Stepping ~*~*~tactically~*~*~ (outnumbered).
 36427 | Lair:4   | 36427 ||| Stepping ~*~*~tactically~*~*~ (outnumbered).
 36433 | Lair:4   | 36433 ||| Stepping ~*~*~tactically~*~*~ (outnumbered).
 36435 | Lair:4   | 36435 ||| FLEEEEING.
 36473 | Lair:4   | 36473 ||| Stepping ~*~*~tactically~*~*~ (outnumbered).
 36475 | Lair:4   | 36475 ||| FLEEEEING.
 36595 | Lair:4   | 36595 ||| Stepping ~*~*~tactically~*~*~ (outnumbered).
 36597 | Lair:4   | 36597 ||| Stepping ~*~*~tactically~*~*~ (outnumbered).
 36599 | Lair:4   | 36599 ||| FLEEEEING.
 36644 | Lair:4   | 36644 ||| Stepping ~*~*~tactically~*~*~ (outnumbered).
 36646 | Lair:4   | 36646 ||| Stepping ~*~*~tactically~*~*~ (outnumbered).
 36648 | Lair:4   | 36648 ||| Stepping ~*~*~tactically~*~*~ (outnumbered).
 36660 | Lair:4   | 36660 ||| FLEEEEING.
 36693 | Lair:4   | 36693 ||| Stepping ~*~*~tactically~*~*~ (outnumbered).
 36703 | Lair:4   | 36703 ||| FLEEEEING.
 36827 | Lair:4   | 36827 ||| FLEEEEING.
 36868 | Lair:4   | 36868 ||| FLEEEEING.
 36989 | Lair:4   | 36989 ||| FLEEEEING.
 37120 | Lair:4   | 37120 ||| FLEEEEING.
 37148 | Lair:4   | 37148 ||| Stepping ~*~*~tactically~*~*~ (outnumbered).
 37150 | Lair:4   | 37150 ||| FLEEEEING.
 37185 | Lair:4   | 37185 ||| Stepping ~*~*~tactically~*~*~ (outnumbered).
 37187 | Lair:4   | 37187 ||| FLEEEEING.
 37230 | Lair:4   | 37230 ||| FLEEEEING.
 37352 | Lair:4   | 37352 ||| Stepping ~*~*~tactically~*~*~ (outnumbered).
 37354 | Lair:4   | 37354 ||| FLEEEEING.
 37396 | Lair:4   | 37396 ||| Stepping ~*~*~tactically~*~*~ (outnumbered).
 37398 | Lair:4   | 37398 ||| Stepping ~*~*~tactically~*~*~ (outnumbered).
 37400 | Lair:4   | 37400 ||| FLEEEEING.
 37437 | Lair:4   | 37437 ||| FLEEEEING.
 37559 | Lair:4   | 37559 ||| Stepping ~*~*~tactically~*~*~ (outnumbered).
 37561 | Lair:4   | 37561 ||| FLEEEEING.
 37681 | Lair:4   | 37681 ||| FLEEEEING.
 37689 | Lair:4   | Glimpsed the power of Zot.
 37711 | Lair:4   | 37711 ||| FLEEEEING.
 37747 | Lair:4   | 37747 ||| Stepping ~*~*~tactically~*~*~ (outnumbered).
 37749 | Lair:4   | 37749 ||| Stepping ~*~*~tactically~*~*~ (outnumbered).
 37751 | Lair:4   | 37751 ||| FLEEEEING.
 37795 | Lair:4   | 37795 ||| FLEEEEING.
 37845 | Lair:4   | 37845 ||| Stepping ~*~*~tactically~*~*~ (outnumbered).
 37847 | Lair:4   | 37847 ||| FLEEEEING.
 37896 | Lair:4   | 37896 ||| Stepping ~*~*~tactically~*~*~ (outnumbered).
 37898 | Lair:4   | 37898 ||| Stepping ~*~*~tactically~*~*~ (outnumbered).
 37900 | Lair:4   | 37900 ||| Stepping ~*~*~tactically~*~*~ (outnumbered).
 37902 | Lair:4   | 37902 ||| FLEEEEING.
 37949 | Lair:4   | 37949 ||| FLEEEEING.
 37970 | Lair:4   | 37970 ||| FLEEEEING.
 38005 | Lair:4   | 38005 ||| FLEEEEING.
 38035 | Lair:4   | 38035 ||| FLEEEEING.
 38062 | Lair:4   | 38062 ||| Stepping ~*~*~tactically~*~*~ (outnumbered).
 38064 | Lair:4   | 38064 ||| FLEEEEING.
 38091 | Lair:4   | 38091 ||| FLEEEEING.
 38114 | Lair:4   | 38114 ||| FLEEEEING.
 38143 | Lair:4   | 38143 ||| FLEEEEING.
 38171 | Lair:4   | 38171 ||| FLEEEEING.
 38189 | Lair:4   | Glimpsed the power of Zot.
 38197 | Lair:4   | 38197 ||| FLEEEEING.
 38229 | Lair:4   | 38229 ||| Stepping ~*~*~tactically~*~*~ (outnumbered).
 38239 | Lair:4   | 38239 ||| FLEEEEING.
 38266 | Lair:4   | 38266 ||| Stepping ~*~*~tactically~*~*~ (outnumbered).
 38268 | Lair:4   | 38268 ||| FLEEEEING.
 38292 | Lair:4   | 38292 ||| FLEEEEING.
 38315 | Lair:4   | 38315 ||| Stepping ~*~*~tactically~*~*~ (outnumbered).
 38327 | Lair:4   | 38327 ||| Stepping ~*~*~tactically~*~*~ (outnumbered).
 38329 | Lair:4   | 38329 ||| FLEEEEING.
 38357 | Lair:4   | 38357 ||| FLEEEEING.
 38404 | Lair:4   | 38404 ||| Stepping ~*~*~tactically~*~*~ (outnumbered).
 38406 | Lair:4   | 38406 ||| FLEEEEING.
 38430 | Lair:4   | 38430 ||| FLEEEEING.
 38467 | Lair:4   | 38467 ||| FLEEEEING.
 38495 | Lair:4   | 38495 ||| FLEEEEING.
 38520 | Lair:4   | 38520 ||| FLEEEEING.
 38545 | Lair:4   | 38545 ||| FLEEEEING.
 38570 | Lair:4   | 38570 ||| FLEEEEING.
 38589 | Lair:4   | Glimpsed the power of Zot.
 38597 | Lair:4   | 38597 ||| FLEEEEING.
 38612 | Lair:4   | 38612 ||| Stepping ~*~*~tactically~*~*~ (outnumbered).
 38614 | Lair:4   | 38614 ||| Stepping ~*~*~tactically~*~*~ (outnumbered).
 38616 | Lair:4   | 38616 ||| Stepping ~*~*~tactically~*~*~ (outnumbered).
 38618 | Lair:4   | 38618 ||| Stepping ~*~*~tactically~*~*~ (outnumbered).
 38620 | Lair:4   | 38620 ||| FLEEEEING.
 38656 | Lair:4   | 38656 ||| FLEEEEING.
 38688 | Lair:4   | 38688 ||| Stepping ~*~*~tactically~*~*~ (outnumbered).
 38689 | Lair:4   | Touched by the power of Zot.
 38690 | Lair:4   | Glimpsed the power of Zot.
 38691 | Lair:4   | 38691 ||| Stepping ~*~*~tactically~*~*~ (outnumbered).
 38693 | Lair:4   | 38693 ||| FLEEEEING.
 38706 | Lair:4   | 38706 ||| FLEEEEING.
 38764 | Lair:4   | 38764 ||| FLEEEEING.
 38780 | Lair:4   | 38780 ||| Stepping ~*~*~tactically~*~*~ (outnumbered).
 38782 | Lair:4   | 38782 ||| Stepping ~*~*~tactically~*~*~ (outnumbered).
 38784 | Lair:4   | 38784 ||| FLEEEEING.
 38809 | Lair:4   | 38809 ||| FLEEEEING.
 38831 | Lair:4   | 38831 ||| Stepping ~*~*~tactically~*~*~ (outnumbered).
 38833 | Lair:4   | 38833 ||| FLEEEEING.
 38891 | Lair:4   | 38891 ||| FLEEEEING.
 38937 | Lair:4   | 38937 ||| FLEEEEING.
 38953 | Lair:4   | 38953 ||| Stepping ~*~*~tactically~*~*~ (outnumbered).
 38955 | Lair:4   | 38955 ||| Stepping ~*~*~tactically~*~*~ (outnumbered).
 38957 | Lair:4   | 38957 ||| FLEEEEING.
 38997 | Lair:4   | 38997 ||| FLEEEEING.
 39041 | Lair:4   | 39041 ||| FLEEEEING.
 39076 | Lair:4   | 39076 ||| Stepping ~*~*~tactically~*~*~ (outnumbered).
 39078 | Lair:4   | 39078 ||| Stepping ~*~*~tactically~*~*~ (outnumbered).
 39080 | Lair:4   | 39080 ||| FLEEEEING.
 39111 | Lair:4   | 39111 ||| Stepping ~*~*~tactically~*~*~ (outnumbered).
 39113 | Lair:4   | 39113 ||| Stepping ~*~*~tactically~*~*~ (outnumbered).
 39115 | Lair:4   | 39115 ||| Stepping ~*~*~tactically~*~*~ (outnumbered).
 39117 | Lair:4   | 39117 ||| Stepping ~*~*~tactically~*~*~ (outnumbered).
 39119 | Lair:4   | 39119 ||| Stepping ~*~*~tactically~*~*~ (outnumbered).
 39121 | Lair:4   | 39121 ||| FLEEEEING.
 39147 | Lair:4   | 39147 ||| FLEEEEING.
 39171 | Lair:4   | 39171 ||| Stepping ~*~*~tactically~*~*~ (outnumbered).
 39178 | Lair:4   | 39178 ||| FLEEEEING.
 39190 | Lair:4   | Glimpsed the power of Zot.
 39207 | Lair:4   | 39207 ||| FLEEEEING.
 39248 | Lair:4   | 39248 ||| FLEEEEING.
 39273 | Lair:4   | 39273 ||| FLEEEEING.
 39312 | Lair:4   | 39312 ||| FLEEEEING.
 39343 | Lair:4   | 39343 ||| Stepping ~*~*~tactically~*~*~ (outnumbered).
 39345 | Lair:4   | 39345 ||| Stepping ~*~*~tactically~*~*~ (outnumbered).
 39347 | Lair:4   | 39347 ||| FLEEEEING.
 39373 | Lair:4   | 39373 ||| FLEEEEING.
 39420 | Lair:4   | 39420 ||| Stepping ~*~*~tactically~*~*~ (outnumbered).
 39422 | Lair:4   | 39422 ||| Stepping ~*~*~tactically~*~*~ (outnumbered).
 39424 | Lair:4   | 39424 ||| FLEEEEING.
 39452 | Lair:4   | 39452 ||| FLEEEEING.
 39487 | Lair:4   | 39487 ||| FLEEEEING.
 39555 | Lair:4   | 39555 ||| Stepping ~*~*~tactically~*~*~ (outnumbered).
 39557 | Lair:4   | 39557 ||| FLEEEEING.
 39590 | Lair:4   | Glimpsed the power of Zot.
 39593 | Lair:4   | 39593 ||| FLEEEEING.
 39624 | Lair:4   | 39624 ||| FLEEEEING.
 39638 | Lair:4   | 39638 ||| FLEEEEING.
 39663 | Lair:4   | 39663 ||| FLEEEEING.
 39688 | Lair:4   | 39688 ||| FLEEEEING.
 39689 | Lair:4   | Touched by the power of Zot.
 39690 | Lair:4   | Glimpsed the power of Zot.
 39714 | Lair:4   | 39714 ||| Stepping ~*~*~tactically~*~*~ (outnumbered).
 39715 | Lair:4   | HP: 5/38 [oklob plant/splash of acid (20)]
 39716 | Lair:4   | 39716 ||| FLEEEEING.
 39761 | Lair:4   | HP: 7/38 [oklob plant/splash of acid (13)]
 39762 | Lair:4   | 39762 ||| FLEEEEING.
 39805 | Lair:4   | 39805 ||| FLEEEEING.
 39838 | Lair:4   | 39838 ||| Stepping ~*~*~tactically~*~*~ (outnumbered).
 39840 | Lair:4   | 39840 ||| Stepping ~*~*~tactically~*~*~ (outnumbered).
 39842 | Lair:4   | 39842 ||| Stepping ~*~*~tactically~*~*~ (outnumbered).
 39844 | Lair:4   | 39844 ||| FLEEEEING.
 39876 | Lair:4   | 39876 ||| FLEEEEING.
 39905 | Lair:4   | Killed from afar by an oklob plant

Levels and vault maps discovered:
D:1:      dpeg_arrival_court, layout_basic,
          shapermc_ecumenical_altar_totnotflames, kennysheep_boxes
D:2:      layout_basic, basic_altar
D:3:      layout_rooms, chequers_temple_overflow_minitemple
D:4:      layout_layer_cave, portal_sewer_entry_d, uniq_blork_the_orc
D:5:      layout_basic, uniq_pikel
D:6:      layout_basic, minmay_temple_entry_poolview,
          minmay_fractal_squares_diagonal_5
D:7:      layout_gridville, grunt_temple_overflow_open
D:8:      layout_basic, minmay_misc_feat_iff, feat_on_display
D:9:      gammafunk_the_bubble [the_bubble_gammafunk_plus_minus],
          layout_loops_ring, mainiacjoe_overflow_paths,
          grunt_lair_entry_orc_guard_hut, uniq_joseph, uniq_gastronok
Temple:   hellmonk_temple_divided_pantheon
Lair:1:   layout_regular_city
Lair:2:   layout_gridlike, minmay_shoals_entry_hut,
          nicolae_spider_entry_tight_spaces, serial_bayou_shore_a,
          grunt_megastairs_4
Lair:3:   layout_roguey, st_stairs_12, lemuel_fruit_tree, grunt_megastairs_2,
          uniq_kirke
Lair:4:   layout_layer_cave, minmay_slime_entry_oklob_enclosed,
          grunt_megastairs_3
Lair:5:   evil_forest, layout_regular_city, serial_bayou_ford_a

Skill      XL: |  1  2  3  4  5  6  7  8  9 10 11 12 13 14 |
---------------+-------------------------------------------+-----
Unarmed Combat | 4 5 7 9 11 13 15 16 18 19 | 19.5
Fighting       | 3 4 5 6 7 8 9 |  9.0
Dodging        | 1 2 |  2.3
Throwing       | 1 4 5 |  5.7
Armour         | 1 2 3 |  3.1
Invocations    | 3 6 7 |  7.1
Spellcasting   | |  1.0
Fire Magic     | |  2.1

Action                   |  1- 3 |  4- 6 |  7- 9 | 10-12 | 13-15 || total
-------------------------+-------+-------+-------+-------+-------++-------
Melee: Unarmed           |    89 |    67 |   238 |   323 |   254 ||   971
       Punch             |     2 |       |     7 |    22 |    19 ||    50
Throw: Boomerang         |       |       |    44 |    22 |    42 ||   108
       Javelin           |       |       |       |    42 |     5 ||    47
       Large rock        |       |       |       |       |     9 ||     9
Invok: Fiery Armour      |       |     1 |     2 |    10 |       ||    13
       Heroism           |       |       |       |     3 |    69 ||    72
       Finesse           |       |       |       |       |     6 ||     6
  Use: Scroll            |     8 |     1 |     7 |    11 |     3 ||    30
       Potion            |     1 |     1 |     4 |     3 |     4 ||    13
Armor: Robe              |    17 |    13 |    75 |    16 |       ||   121
       Steam dragon scal |       |       |       |   101 |   116 ||   217
Dodge: Dodged            |    25 |    16 |    71 |    77 |   131 ||   320
Block: Other             |    13 |    14 |    39 |    53 |    66 ||   185
       Reflection        |       |     1 |       |     2 |    25 ||    28

Table legend:
 A = Non-vault XP
 B = Vault XP
 C = Vault XP percentage of total XP
 D = Non-vault monster count
 E = Vault monster count
 F = Vault count percentage of total count
                 A         B        C        D         E       F
            +---------+---------+-------+---------+---------+-------
      Total |   46111 |   21424 |  31.7 |     278 |      67 |  19.4
            +---------+---------+-------+---------+---------+-------
        D:1 |      24 |       0 |   0.0 |      14 |       0 |   0.0
        D:2 |      27 |       0 |   0.0 |       7 |       0 |   0.0
        D:3 |      24 |       0 |   0.0 |      15 |       0 |   0.0
        D:4 |     313 |     115 |  26.9 |      16 |       2 |  11.1
        D:5 |     292 |     629 |  68.3 |      14 |       1 |   6.7
        D:6 |    1445 |     443 |  23.5 |      33 |       7 |  17.5
        D:7 |    1394 |       0 |   0.0 |      27 |       0 |   0.0
        D:8 |    1375 |       0 |   0.0 |      27 |       0 |   0.0
        D:9 |    3045 |    2694 |  46.9 |      23 |       7 |  23.3
     Lair:1 |    2726 |       0 |   0.0 |      11 |       0 |   0.0
     Lair:2 |    5804 |    3663 |  38.7 |      20 |      15 |  42.9
     Lair:3 |    3195 |    3408 |  51.6 |       8 |       7 |  46.7
     Lair:4 |   12425 |     385 |   3.0 |      31 |       2 |   6.1
     Lair:5 |   14022 |   10087 |  41.8 |      32 |      26 |  44.8
            +---------+---------+-------+---------+---------+-------
